 Dungeon Crawl Stone Soup version 0.31-a0-986-g5e6e4ef867 (webtiles) character file.

Game seed: 12077965878444789387

20856774 miscthings the Conqueror (level 27, 273/273 HPs)
             Began as a Gnoll Artificer on Nov 6, 2023.
             Was the Champion of the Shining One.
             Escaped with the Orb
             ... and 15 runes on Nov 9, 2023!
             The game lasted 05:42:45 (72787 turns).

miscthings the Conqueror (Gnoll Artificer)         Turns: 72787, Time: 05:42:46

Health: 273/273    AC: 27    Str: 14    XL:     27
Magic:  51/51      EV: 30    Int: 30    God:    the Shining One [******]
Gold:   11730      SH: 27    Dex: 21    Spells: 4/74 levels left

rFire   + + .        P - +8 eudemon blade (holy)
rCold   + + .        t - +5 Storm Queen's Shield {shock, Fly rElec}
rNeg    + + +        b - +3 leather armour of Athoacw {rF+ rC+ rN++ Dex+2}
rPois   +            q - +2 helmet {Int+3}
rElec   +            Y - +2 cloak {Will+}
rCorr   .            U - +2 pair of gloves
SInv    .            j - +0 pair of boots of Words of Power {rN+ Will+ Regen+ Dex+4}
Will    ++++.        c - amulet "Qyjopt" {rPois rF- Regen+ Slay+3}
Stlth   ++           y - ring "Izick" {*Slow rF++ Int+6 Dex+4}
HPRegen 2.25/turn    J - ring of Liberty {Fly rPois AC+4 Int+5 Stlth-}
MPRegen 0.32/turn

%: slow self (1%), clarity
@: flying, glowing, studying 6 skills
A: fangs 1, strong nose, distributed training, large bone plates 1, clarity,
clumsy 2, cold resistance 1, dopey 1, robust 1, weak 1, no potion heal 1,
subdued magic 1
0: Orb of Zot
}: 15/15 runes: decaying, slimy, silver, golden, iron, obsidian, icy, bone,
abyssal, demonic, glowing, magical, fiery, dark, gossamer
a: Renounce Religion, Divine Shield, Cleansing Flame, Summon Divine Warrior


You escaped.
You worshipped the Shining One.
The Shining One was exalted by your worship.
You visited 17 branches of the dungeon, and saw 87 of its levels.
You visited Pandemonium 1 time, and saw 15 of its levels.
You visited the Abyss 2 times.
You visited 1 bazaar.
You visited 1 ziggurat, and saw 15 of its levels.
You also visited: Gauntlet and Wizlab.

You collected 13405 gold pieces.
You spent 1675 gold pieces at shops.

Inventory:

Hand Weapons
 w - a +9 eveningstar of holy wrath
 P - a +8 eudemon blade of holy wrath (weapon)
Missiles
 E - 43 silver javelins (quivered)
 N - 21 curare-tipped darts
 Q - 13 datura-tipped darts
Armour
 b - the +3 leather armour of Athoacw (worn) {rF+ rC+ rN++ Dex+2}
   (You bought it in a shop on level 2 of the Orcish Mines)

   Dex+2:     It affects your dexterity (+2).
   rF+:       It protects you from fire.
   rC+:       It protects you from cold.
   rN++:      It greatly protects you from negative energy.
 j - the +0 pair of boots of Words of Power (worn) {rN+ Will+ Regen+ Dex+4}
   (You acquired it on level 15 of the Dungeon)

   Dex+4:     It affects your dexterity (+4).
   rN+:       It protects you from negative energy.
   Will+:     It increases your willpower.
   Regen+:    It increases your rate of health regeneration.
 q - a +2 helmet of intelligence (worn)
 t - the +5 Storm Queen's Shield (worn) {shock, Fly rElec}
   (You found it on level 3 of the Tomb of the Ancients)

   Shock:     When it blocks an attack, it may electrocute the attacker.
   This works even against foes who are a short distance away.
   rElec:     It insulates you from electricity.
   Fly:       It grants you flight.
 U - a +2 pair of gloves (worn)
 Y - a +2 cloak of willpower (worn)
 Z - the +3 warlock's mirror {omnireflect}
   (You found it on level 1 of a ziggurat)

   Omnireflect: It can block and reflect piercing ranged attacks and magical
   attacks against the wielder's willpower.
Jewellery
 c - the amulet "Qyjopt" (around neck) {rPois rF- Regen+ Slay+3}
   (You found it on level 2 of the Crypt)

   [amulet of regeneration]

   Slay+3:    It affects your accuracy & damage with ranged weapons and melee
   (+3).
   rF-:       It makes you vulnerable to fire.
   rPois:     It protects you from poison Regen+: It increases your rate of
   health regeneration.
 e - the ring "Cuirashra" {*Slow rC+ MP+9 Str+6 Int+3}
   (You took it off a balrug in Pandemonium)

   [ring of magical power]

   Str+6:     It affects your strength (+6).
   Int+3:     It affects your intelligence (+3).
   rC+:       It protects you from cold.
   MP+9:      It affects your magic capacity (+9).
   *Slow:     It may slow you when you take damage.
 h - the ring of Xom's Sleight of Hands {rElec Will+ Str+2 Dex+5}
   (You found it in a Gauntlet)

   [ring of willpower]

   Str+2:     It affects your strength (+2).
   Dex+5:     It affects your dexterity (+5).
   rElec:     It insulates you from electricity.
   Will+:     It increases your willpower.
 y - the ring "Izick" (left hand) {*Slow rF++ Int+6 Dex+4}
   (You took it off a deep elf death mage on level 3 of the Elven Halls)

   [ring of intelligence]

   Int+6:     It affects your intelligence (+6).
   Dex+4:     It affects your dexterity (+4).
   rF++:      It greatly protects you from fire.
   *Slow:     It may slow you when you take damage.
 J - the ring of Liberty (right hand) {Fly rPois AC+4 Int+5 Stlth-}
   (You found it on level 11 of a ziggurat)

   [ring of protection]

   AC+4:      It affects your AC (+4).
   Int+5:     It affects your intelligence (+5).
   rPois:     It protects you from poison Fly: It grants you flight.
   Stlth-:    It makes you less stealthy.
 K - an amulet of reflection
Talismans
 L - a granite talisman
Wands
 d - a wand of charming (5)
 s - a wand of mindburst (24)
 H - a wand of digging (39)
 T - a wand of paralysis (27)
 V - a wand of acid (41)
 W - a wand of roots (30)
Scrolls
 g - 8 scrolls of poison
 i - 6 scrolls of revelation
 k - 7 scrolls of blinking
 l - 4 scrolls of teleportation
 n - 9 scrolls of fog
 o - 10 scrolls of vulnerability
 r - 7 scrolls of fear
 C - 5 scrolls of summoning
 F - 10 scrolls of immolation
 M - 4 scrolls of silence
 R - 7 scrolls of enchant armour
Potions
 a - 13 potions of enlightenment
 m - 11 potions of heal wounds
 p - 3 potions of haste
 u - 8 potions of brilliance
 x - 11 potions of mutation
 z - 12 potions of lignification
 A - 15 potions of curing
 B - 3 potions of attraction
 G - 8 potions of magic
 I - 12 potions of ambrosia
 O - a potion of might
 S - 2 potions of resistance
 X - 4 potions of cancellation
Miscellaneous
 f - a lightning rod (4/4)
 v - a phantom mirror
 D - a figurine of a ziggurat


   Skills:
 O Level 27 Fighting
 + Level 24.3 Short Blades
 O Level 27 Long Blades
 + Level 24.3 Axes
 O Level 27 Maces & Flails
 + Level 24.3 Polearms
 O Level 27 Staves
 + Level 24.3 Ranged Weapons
 + Level 24.3 Throwing
 + Level 24.7 Armour
 + Level 24.4 Dodging
 O Level 27 Stealth
 + Level 24.3 Shields
 O Level 27 Unarmed Combat
 + Level 24.3 Spellcasting
 + Level 20.9 Conjurations
 + Level 20.9 Hexes
 + Level 20.9 Summonings
 + Level 20.9 Necromancy
 + Level 20.9 Translocations
 + Level 20.9 Transmutations
 + Level 20.9 Fire Magic
 + Level 20.9 Ice Magic
 + Level 25.8 Air Magic
 + Level 24.3 Earth Magic
 + Level 20.9 Poison Magic
 + Level 26.2 Invocations
 + Level 25.0 Evocations
 + Level 22.6 Shapeshifting


You had 4 spell levels left.
You knew the following spells:

 Your Spells              Type           Power      Damage    Failure   Level
a - Ignition              Fire           45%        3d13      1%          8
b - Plasma Beam           Fire/Air       47%        2x1d61    0%          6
c - Conjure Ball Lightni  Conj/Air       47%        3x3d16    0%          6
d - Chain Lightning       Conj/Air       47%        3d62      5%          9
e - Iskenderun's Mystic   Conj/Tloc      90%        2d18      0%          4
f - Irradiate             Conj/Tmut      45%        3d26      0%          5
g - Apportation           Tloc           100%       N/A       0%          1
h - Mephitic Cloud        Conj/Pois/Air  93%        N/A       0%          3
i - Eringya's Noxious Bo  Tmut/Pois      45%        4d6       0%          6
j - Passage of Golubria   Tloc           90%        N/A       0%          4
k - Arcjolt               Conj/Air       47%        1d57      0%          5
x - Summon Cactus Giant   Summ           45%        N/A       0%          6
z - Orb of Destruction    Conj           45%        9d12      1%          7

Your spell library contained the following spells:

 Spells                   Type           Power      Damage    Failure   Level
 Foxfire                  Conj/Fire      100%       2x1d9     0%          1
 Freeze                   Ice            100%       1d10      0%          1
 Kiss of Death            Conj/Necr      100%       2d13      0%          1
 Magic Dart               Conj           100%       1d8       0%          1
 Necrotise                Necr           100%       1d9       0%          1
 Sandblast                Erth           100%       2d20      0%          1
 Shock                    Conj/Air       100%       1d9       0%          1
 Slow                     Hex            100%       N/A       0%          1
 Sting                    Tmut/Pois      100%       1d8       0%          1
 Summon Small Mammal      Summ           100%       N/A       0%          1
 Blink                    Tloc           100%       N/A       0%          2
 Cigotuvi's Dreadful Rot  Necr/Pois/Air  100%       N/A       0%          2
 Ensorcelled Hibernation  Hex/Ice        100%       N/A       0%          2
 Jinxbite                 Hex            100%       N/A       0%          2
 Lesser Beckoning         Tloc           100%       N/A       0%          2
 Passwall                 Tmut/Erth      77%        N/A       0%          2
 Poisonous Vapours        Pois/Air       100%       N/A       0%          2
 Scorch                   Fire           100%       2d9       0%          2
 Searing Ray              Conj           100%       2d8       0%          2
 Static Discharge         Conj/Air       100%       3-8/arc   0%          2
 Sublimation of Blood     Necr           90%        N/A       0%          2
 Wereblood                Tmut           90%        N/A       0%          2
 Call Canine Familiar     Summ           90%        N/A       0%          3
 Confusing Touch          Hex            90%        N/A       0%          3
 Dazzling Flash           Conj/Hex       100%       N/A       0%          3
 Frozen Ramparts          Ice            100%       1d16      0%          3
 Gell's Gravitas          Tloc           90%        N/A       0%          3
 Hailstorm                Conj/Ice       90%        3d18      0%          3
 Ignite Poison            Fire/Tmut/Pois 90%        N/A       0%          3
 Inner Flame              Hex/Fire       90%        N/A       0%          3
 Sigil of Binding         Hex            90%        N/A       0%          3
 Stone Arrow              Conj/Erth      100%       3d13      0%          3
 Summon Guardian Golem    Hex/Summ       90%        N/A       0%          3
 Swiftness                Air            98%        N/A       0%          3
 Teleport Other           Tloc           90%        N/A       0%          3
 Tukima's Dance           Hex            90%        N/A       0%          3
 Vampiric Draining        Necr           90%        2d12      0%          3
 Volatile Blastmotes      Fire/Tloc      100%       2d18      0%          3
 Airstrike                Air            49%        2d(7-23)  0%          4
 Anguish                  Hex/Necr       45%        N/A       0%          4
 Animate Armour           Summ/Erth      100%       N/A       0%          4
 Animate Dead             Necr           90%        N/A       0%          4
 Brom's Barrelling Bould  Conj/Erth      93%        2d10      0%          4
 Cause Fear               Hex            45%        N/A       0%          4
 Dimensional Bullseye     Hex/Tloc       45%        N/A       0%          4
 Dispel Undead            Necr           90%        3d29      0%          4
 Flame Wave               Conj/Fire      90%        2d19      0%          4
 Fulminant Prism          Conj/Hex       45%        3d20      0%          4
 Leda's Liquefaction      Hex/Erth       46%        N/A       0%          4
 Manifold Assault         Tloc           90%        N/A       0%          4
 Olgreb's Toxic Radiance  Pois           90%        N/A       0%          4
 Petrify                  Tmut/Erth      93%        N/A       0%          4
 Sticky Flame             Conj/Fire      90%        2d10      0%          4
 Summon Ice Beast         Ice/Summ       90%        N/A       0%          4
 Summon Lightning Spire   Summ/Air       94%        N/A       0%          4
 Vhi's Electric Charge    Tloc/Air       100%       N/A       0%          4
 Alistair's Intoxication  Tmut/Pois      60%        N/A       0%          5
 Borgnjor's Vile Clutch   Necr/Erth      46%        N/A       0%          5
 Fireball                 Conj/Fire      45%        3d18      0%          5
 Freezing Cloud           Conj/Ice/Air   46%        6-21      0%          5
 Iskenderun's Battlesphe  Conj           90%        2d14      0%          5
 Lee's Rapid Deconstruct  Erth           48%        3d23*     0%          5
 Metabolic Englaciation   Hex/Ice        45%        N/A       0%          5
 Silence                  Hex/Air        47%        N/A       0%          5
 Summon Forest            Summ/Tloc      45%        N/A       0%          5
 Summon Mana Viper        Hex/Summ       90%        N/A       0%          5
 Yara's Violent Unravell  Hex/Tmut       45%        3d18      0%          5
 Bombard                  Conj/Erth      46%        9d8       0%          6
 Death Channel            Necr           45%        N/A       0%          6
 Dispersal                Tloc           45%        N/A       0%          6
 Simulacrum               Ice/Necr       45%        N/A       0%          6
 Starburst                Conj/Fire      45%        6d13      0%          6
 Enfeeble                 Hex            45%        N/A       1%          7
 Spellforged Servitor     Conj/Summ      45%        N/A       1%          7
 Summon Hydra             Summ           45%        N/A       1%          7
 Borgnjor's Revivificati  Necr           45%        N/A       1%          8
 Disjunction              Tloc           45%        N/A       1%          8
 Lehudib's Crystal Spear  Conj/Erth      46%        10d11     1%          8
 Maxwell's Capacitive Co  Air            49%        ∞         1%          8
 Shatter                  Erth           48%        3d37*     3%          9
 Death's Door             Necr           45%        N/A       16%         9
 Dragon's Call            Summ           45%        N/A       16%         9
 Fire Storm               Conj/Fire      45%        8d11      16%         9


Dungeon Overview and Level Annotations

Branches:
Dungeon (15/15)            Temple (0/1) D:5            Lair (5/5) D:9
  Swamp (4/4) Lair:2       Spider (4/4) Lair:2        Slime (5/5) Lair:4
    Orc (2/2) D:11            Elf (3/3) Orc:2        Vaults (5/5) D:13
  Crypt (3/3) Vaults:2       Tomb (3/3) Crypt:3      Depths (4/4) D:15
   Hell (visited)             Dis (7/7) Hell            Geh (7/7) Hell
    Coc (7/7) Hell            Tar (7/7) Hell            Zot (5/5) Depths:4
 WizLab (visited)         Gauntlet (visited)

Altars:
Ashenzari
Cheibriados
Elyvilon
Fedhas
Gozag
Hepliaklqana
Kikubaaqudgha
Makhleb
Nemelex Xobeh
Okawaru
Sif Muna
Vehumet
Yredelemnul
The Shining One
Jiyva

Shops:
D:2 =   D:7 *   Orc:2 :*[:(   Elf:2 *   Depths:2 *

Portals:
Hell: Depths:1 Depths:2 Depths:3 Depths:4
Abyss: Depths:3
Pandemonium: Depths:2

Annotations:
D:11 2 transporters, hgbash's ghost, journeyman TrSh
Elf:2 3 runed translucent doors


Innate Abilities, Weirdness & Mutations

You have very sharp teeth.
Your uncanny sense of smell can sniff out nearby items.
Your experience applies equally to all skills.
You are partially covered in large bone plates. (SH +4)
You possess an exceptional clarity of mind.
You are very clumsy. (Dex -4)
Your flesh is cold resistant. (rC+)
You are dopey. (Int -2)
You are robust. (+10% HP)
You are weak. (Str -2)
Potions are less effective at restoring your health.
Your spells are a little easier to cast, but a little less powerful.


Message History

You kill the great orb of eyes!
Casting: Chain Lightning (dangerous; 5% risk of failure)
Confirm with . or Enter, or press ? or * to list all spells.
Lightning arcs from your hands!
The bolt of lightning hits the Orb Guardian!!!!
You kill the Orb Guardian!
The bolt of lightning hits you. You resist.
What level of the Dungeon? (default 1, ? - help)
An Awipn, an ancient lich, a crimson imp and a cacodemon come into view.
Awipn says, "Flee, thou hateful milk-livered buzzard-bait!"
The ancient lich shouts!
The crimson imp shouts!
The cacodemon shouts!
There is a stone staircase leading up here.
You block the cacodemon's attack.
Your shield discharges, shocking the cacodemon!
The cacodemon resists.
You block the cacodemon's attack.
Your shield discharges, shocking the cacodemon!
The cacodemon resists.
You fly upwards.
There is a stone staircase leading down here.
You slice the cacodemon like a ripe choko!!!
The cacodemon convulses.
The cacodemon is heavily wounded.
You hit the cacodemon.
The cacodemon convulses.
The cacodemon is heavily wounded.
You block the cacodemon's attack.
Your shield discharges, shocking the cacodemon!
The cacodemon resists.
You block the cacodemon's attack.
You slash the cacodemon!
The cacodemon convulses!
The cacodemon is almost dead.
You slash the cacodemon!
You kill the cacodemon!
The Shining One accepts your kill.
You feel your power returning.
What level of the Dungeon? (default 1, ? - help) You're already here!
What level of the Dungeon? (default 1, ? - help)
Okay, then.
Magic restored.
There is a staircase leading out of the dungeon here.
You have escaped!

#.#########.....###..# #.
.....................# #.
..#########.#.#.###.## ## ..##
#.....# #.# ...#
###.....###.############ .#.#
###......................# .#.#
#......#######........##.# .#†#
#>..##......##.†.####.##.#
.#.####...##....@.##...#....##.#
.#.#.............>##....###.##.#
...#.........####'#'......#.##.#
##.#.........# ##>#....#.#.##[#
#)##........# ###...#....##.#
##.........#.# #...##.#.##.#
#...#.#......#####
#'####.#.##.##
#.......##.###...#
##.#..........
#...#.####.###...# #>#........#.


There were no monsters in sight!

Vanquished Creatures
  Cerebov (Pan)
  Antaeus (Coc:7)
  the Royal Jelly (Slime:5)
  Asmodeus (Geh:7)
  Gloorx Vloq (Pan)
  Ereshkigal (Tar:7)
  Lom Lobon (Pan)
  the Serpent of Hell (Coc:7)
  Dispater (Dis:7)
  Khufu (Tomb:3)
  Mennas (Pan)
  A juggernaut (Dis:7)
  An orb of fire (Zot:5)
  5 ancient liches
  4 pandemonium lords
  40 royal mummies
  5 shard shrikes
  23 caustic shrikes
  6 Killer Klowns
  Nikola (Vaults:3)
  The ghost of Otufioz the Coward, a veteran GnWn of Okawaru (Depths:2)
  Geryon (Hell)
  4 golden dragons
  A curse toe (Zot:5)
  The ghost of Pimiptod the Executioner, an adept MiFi of the Shining One (Crypt:2)
  A pearl dragon (Abyss:3)
  10 Brimstone Fiends
  5 profane servitors
  7 iron giants
  12 Tzitzimimeh
  14 bone dragons
  10 doom hounds
  5 electric golems
  7 hellephants
  16 Hell Sentinels
  A spectral shard shrike (Tar:4)
  13 tainted leviathans
  28 Ice Fiends
  9 liches
  13 tentacled monstrosities
  A shard shrike skeleton (Tomb:2)
  24 Orb Guardians
  A walking crystal tome (Depths:4)
  15 searing wretches
  29 titans
  4 deep elf master archers
  4 quicksilver dragons
  14 sphinxes
  A walking frostbound tome (Depths:2)
  4 deep elf blademasters
  13 Executioners
  5 death cobs
  10 tentacled starspawn
  20 ancient champions
  25 acid blobs
  2 thorn hunters (Swamp:4)
  7 shadow dragons
  The ghost of jejorda2 the Fighter, an adept GnBe of Trog (Spider:1)
  Kirke (Lair:3)
  2 fenstrider witches
  8 tengu reavers
  15 storm dragons
  10 revenants
  12 azure jellies
  Donald (Elf:3)
  Roxanne (Swamp:4)
  A daeva (Abyss:4)
  12 rockslimes
  4 quicksilver elementals
  6 nagarajas (Zig:13)
  8 emperor scorpions
  9 narguns
  4 deep elf sorcerers
  5 demonspawn warmongers
  44 balrugs
  30 frost giants
  14 ghost moths
  13 vault wardens
  8 iron dragons
  9 shard shrike simulacra
  A spectral caustic shrike (Tar:4)
  6 curse skulls
  36 fire giants
  4 draconian shifters
  A juggernaut zombie (Tomb:3)
  3 caustic shrike zombies
  6 orc warlords
  4 deep elf elementalists (Elf:3)
  Louise (Depths:3)
  8 ghouls
  13 war gargoyles
  12 ironbound preservers
  14 quicksilver oozes
  3 formless jellyfish
  28 reapers
  3 draconian annihilators
  3 demonspawn corrupters
  11 cacodemons
  21 stone giants
  27 very ugly things
  24 elemental wellsprings
  3 demonspawn blood saints (Pan)
  4 broodmothers
  5 ironbound thunderhulks
  3 demonspawn black suns
  35 putrid mouths
  2 eleionomae
  A purple draconian (Zot:2)
  8 deep elf demonologists (Elf:3)
  4 bennus
  3 lorocyprocas
  4 vampire knights
  2 green draconians
  13 dire elephants
  A white draconian (Zot:3)
  Azrael (Spider:3)
  3 black draconians
  7 deep elf annihilators
  11 spark wasps
  3 bunyips
  12 wendigos
  A minotaur (Gauntlet)
  3 orange crystal statues
  4 spectral titans
  3 red draconians (Zot:5)
  6 iron golems
  7 yellow draconians
  15 ettins
  8 green deaths
  11 deep elf death magi
  The ghost of jasper the Zephyrmancer, a journeyman DsAE of Vehumet (Orc:2)
  Josephine (Swamp:1)
  23 mummy priests
  19 blizzard demons
  15 jiangshi
  13 eidola
  9 fire dragons
  4 spectral quicksilver dragons (Crypt:3)
  19 yaktaur captains
  6 deep elf high priests
  2 kraken zombies (Hell)
  8 spectral spriggans
  3 spectral fenstrider witches
  A quicksilver dragon skeleton (Crypt:2)
  8 great orbs of eyes
  26 vault guards (Vaults:5)
  8 rakshasas
  10 salamander tyrants
  23 hydras
  A spectral shadow dragon (Crypt:3)
  11 entropy weavers
  13 caustic shrike simulacra
  2 fenstrider witch zombies (Crypt:3)
  3 ghost crabs
  9 ice dragons
  10 spriggan air magi
  A peacekeeper (Vaults:4)
  3 jorogumos
  3 hell beasts
  10 juggernaut simulacra
  2 catoblepae (Lair:5)
  9 centaur warriors
  2 spriggan skeletons
  10 ironbound frosthearts
  10 boulder beetles
  7 alligators
  An ogre mage (Vaults:5)
  4 death knights
  A radroach (Spider:1)
  9 dancing weapons
  A satyr (Abyss:5)
  24 stokers
  33 hell hogs
  14 death yaks
  7 deep troll shamans
  2 anacondas (Zig:13)
  10 two-headed ogres
  7 vampire magi
  2 titan zombies
  45 death scarabs (Tomb:3)
  15 thrashing horrors
  4 tengu warriors
  8 deep troll earth magi
  4 spriggan berserkers
  9 orc high priests
  A spectral dire elephant (Crypt:2)
  22 deep elf knights
  A shock serpent (shapeshifter) (Vaults:5)
  2 spectral storm dragons (Crypt:3)
  27 hell knights
  3 occultists
  12 demonic crawlers
  4 shock serpents
  45 sun demons
  A naga warrior (Zig:13)
  3 naga sharpshooters (Zig:13)
  Sonja (Lair:4)
  8 crystal echidnas
  A sun moth (Spider:3)
  19 soul eaters
  5 wretched stars
  30 shadow wraiths
  20 skeletal warriors
  A skyshark (Lair:5)
  18 sixfirhies
  8 pharaoh ants
  5 iron trolls
  41 deep trolls
  A goliath frog (Swamp:2)
  39 large abominations
  A spriggan druid (Swamp:2)
  A salamander mystic (D:15)
  A bunyip zombie (Hell)
  10 glowing orange brains
  2 spectral anacondas
  9 swamp dragons
  A death drake (shapeshifter) (Vaults:3)
  6 quicksilver dragon simulacra
  4 shadow demons (Pan)
  9 flayed ghosts
  An anaconda zombie (Hell)
  13 orb spiders
  9 harpies
  18 arcanists
  19 deep elf archers
  A glowing orange brain (shapeshifter) (Vaults:5)
  16 phantasmal warriors
  11 steelbarb worms
  2 shadow dragon zombies
  21 lindwurms
  2 obsidian statues
  6 bog bodies
  24 deep elf zephyrmancers
  3 naga ritualists (Zig:13)
  11 ironbound convokers
  11 necromancers
  A jorogumo zombie (Crypt:3)
  3 anaconda skeletons
  A lindwurm (shapeshifter) (D:13)
  17 orc knights
  2 mana vipers (Zig:13)
  25 deep elf pyromancers
  A harpy (shapeshifter) (Vaults:5)
  An alligator zombie (Hell)
  11 will-o-the-wisps
  A mana viper (shapeshifter) (Zig:3)
  8 orc sorcerers
  A stone giant zombie (Depths:1)
  An oklob plant (Abyss:5)
  An iron dragon zombie (Tomb:2)
  2 manticores
  9 shining eyes
  A spectral alligator snapping turtle (Crypt:3)
  28 ugly things
  20 wolf spiders
  5 spectral centaurs
  7 cyclopes
  A fire giant zombie (Depths:1)
  8 ice statues
  A worldbinder (Abyss:4)
  A salamander (shapeshifter) (Vaults:5)
  6 moths of wrath
  18 vault sentinels
  A centaur zombie (Tomb:2)
  6 elephants
  A black mamba (shapeshifter) (D:14)
  An iron dragon skeleton (Hell)
  2 alligator skeletons (Hell)
  Joseph (Lair:1)
  3 apocalypse crabs
  A stone giant skeleton (Pan)
  A water nymph (D:15)
  6 black mambas
  2 guardian serpents
  10 rust devils
  5 eyes of devastation
  10 orange demons
  32 smoke demons
  3 titan simulacra
  A frost giant skeleton (Crypt:3)
  A naga mage (Zig:13)
  7 cane toads
  A centaur skeleton (Hell)
  3 naga skeletons
  A torpor snail (shapeshifter) (Abyss:2)
  7 torpor snails
  An alligator snapping turtle zombie (Crypt:2)
  20 hellions
  Jeremiah (D:6)
  A storm dragon simulacrum (Crypt:3)
  2 unseen horrors
  Maggie (D:9)
  2 dire elephant skeletons
  4 efreet (Pan)
  An unseen horror (shapeshifter) (D:11)
  4 rime drakes
  7 komodo dragons
  2 sea snake zombies
  27 yaktaurs
  An alligator snapping turtle skeleton (Pan)
  25 freezing wraiths
  2 golden dragon simulacra
  4 spectral nagas
  4 tengu conjurers
  2 minotaur zombies (Gauntlet)
  3 ice devils
  An iron giant simulacrum (Coc:6)
  4 bunyip simulacra
  15 tormentors
  9 ancient zymes
  51 guardian mummies
  2 hydra zombies
  A queen bee (D:14)
  7 spectral harpies
  2 unseen horror skeletons
  4 harpy zombies
  2 hydra skeletons (Hell)
  7 meliai
  A silent spectre (Tar:2)
  2 polar bears
  6 red devils
  A great orb of eyes zombie (Crypt:3)
  17 trolls
  3 hellwings
  A shadow dragon simulacrum (Coc:2)
  3 harpy skeletons
  A wind drake (shapeshifter) (Vaults:5)
  A bloated husk (Swamp:2)
  21 tarantellas
  10 hornets
  11 tyrant leeches
  15 wind drakes (Pan)
  Prince Ribbit (D:6)
  15 blink frogs
  A tarantella zombie (Crypt:1)
  A glass eye (shapeshifter) (Depths:4)
  4 stone giant simulacra
  2 raiju (Abyss:4)
  A tarantella (shapeshifter) (Vaults:5)
  31 jumping spiders
  Sigmund (D:5)
  An iron dragon simulacrum (Coc:3)
  3 centaur simulacra
  2 ettin zombies
  18 culicivoras
  4 glass eyes
  13 flying skulls
  4 shadows
  136 slime creatures
  7 spriggans
  3 air elementals
  31 yaks
  40 starcursed masses
  6 water elementals
  12 wraiths
  Eustachio (D:6)
  A yak (shapeshifter) (Vaults:5)
  5 wyverns
  16 ynoxinuls
  2 dire elephant simulacra
  3 hogs
  25 ushabtiu
  10 fire elementals
  2 humans (Lair:3)
  9 golden eyes
  A steam dragon (D:9)
  4 basilisks
  2 redbacks (shapeshifter)
  A golden eye (shapeshifter) (D:12)
  14 vampire mosquitoes
  42 redbacks
  9 chaos spawn (Pan)
  10 wargs
  13 neqoxecs
  Edmund (D:6)
  A naga (shapeshifter) (D:11)
  15 harpy simulacra
  2 nagas
  12 swamp worms
  Menkaure (D:7)
  3 acid dragons
  A glowing shapeshifter zombie (Crypt:2)
  11 water moccasins
  2 hell hounds (Spider:3)
  Duvessa (D:5)
  2 hydra simulacra
  A fire bat skeleton (Crypt:3)
  53 orc warriors
  2 swamp drakes
  A sky beast (D:6)
  26 ogres
  5 spriggan simulacra
  10 ettin simulacra
  4 black bears
  A fire dragon simulacrum (Crypt:2)
  15 wolves
  5 centaurs
  A small abomination (Abyss:4)
  4 kobold brigands
  10 bullfrogs
  4 elf zombies (Elf:1)
  3 gnoll sergeants
  5 earth elementals
  5 necrophages
  3 naga simulacra
  A scorpion (D:4)
  3 wights
  A water moccasin skeleton (Crypt:1)
  A wyvern skeleton (Crypt:1)
  A queen bee zombie (Crypt:3)
  Dowan (D:5)
  A yak zombie (Crypt:2)
  28 killer bees
  A spriggan zombie (Crypt:1)
  A troll zombie (Crypt:2)
  4 electric eels
  2 jellies
  A yak skeleton (Crypt:2)
  13 howler monkeys
  3 crimson imps (Pan)
  A hound (shapeshifter) (Vaults:5)
  11 hounds
  2 quasits (Abyss:2)
  5 iron imps
  A black bear zombie (Crypt:2)
  9 orc priests
  A sleepcap (D:6)
  22 orc wizards
  4 iguanas
  12 hell rats
  A tengu zombie (Crypt:2)
  44 mummies
  5 adders
  15 gnolls
  A shadow imp (D:8)
  3 white imps
  5 ufetubi
  An adder skeleton (Crypt:1)
  3 worms
  3 dart slugs
  64 orcs
  7 endoplasms
  3 giant cockroaches
  A gnoll zombie (Crypt:1)
  5 goblins
  5 hobgoblins
  2 jackals (D:2)
  3 quokkas
  9 ball pythons
  9 bats
  3 frilled lizards
  18 kobolds
  An orc zombie (Crypt:2)
  7 rats
  A creeping inferno (Geh:5)
  3 fire vortices
  2 lurking horrors
  8 starspawn tentacles
  4 tentacles (Hell)
3782 creatures vanquished.

Vanquished Creatures (collateral kills)
  Ignacio (Pan)
  Mnoleg (Pan)
  2 caustic shrikes (Dis:6)
  2 iron giants
  An ancient champion (Dis:7)
  A thorn hunter (Swamp:4)
  A storm dragon (Depths:4)
  A balrug (Pan)
  An orc warlord (Vaults:2)
  A cacodemon (Pan)
  5 very ugly things (Pan)
  2 war gargoyles (Dis:7)
  3 demonspawn black suns (Pan)
  A lorocyproca (Pan)
  An eleionoma (Swamp:4)
  A dire elephant (Vaults:2)
  5 iron golems
  A blizzard demon (Pan)
  4 hydras (Swamp:4)
  A vault guard (Vaults:1)
  An ironbound frostheart (Vaults:2)
  A deep troll shaman (Depths:4)
  A deep troll earth mage (Depths:4)
  An occultist (Pan)
  2 sun demons (Pan)
  A crystal echidna (Dis:7)
  A deep troll (Depths:4)
  2 ironbound convokers (Vaults:1)
  A phantasmal warrior (D:15)
  A necromancer (Vaults:1)
  2 orc knights
  3 ugly things (Pan)
  2 orc sorcerers (Orc:2)
  A vault sentinel (Vaults:1)
  An orange demon (Pan)
  A freezing wraith (D:15)
  2 komodo dragons
  A tormentor (Pan)
  A troll (Orc:2)
  A large abomination (Pan)
  A hog (Lair:3)
  A neqoxec (Pan)
  2 chaos spawn (Pan)
  A swamp worm (Swamp:4)
  6 orc warriors (Orc:2)
  An ogre (Orc:2)
  A bullfrog (Lair:1)
  2 orc wizards (Orc:2)
  3 orcs (Orc:2)
81 creatures vanquished.

Vanquished Creatures (others)
  A caustic shrike (Dis:7)
  A doom hound (Hell)
  A deep elf blademaster (Crypt:3)
  An eldritch tentacle (Pan)
  A nagaraja (Abyss:5)
  6 fire giants
  A deep elf sorcerer (Elf:1)
  3 shard shrike simulacra
  A ghost moth (Zot:5)
  2 draconian annihilators (Depths:4)
  A lorocyproca (Pan)
  A vampire knight (Depths:3)
  A wendigo (Coc:7)
  An elemental wellspring (Coc:7)
  A green draconian (Depths:4)
  A yellow draconian (Zot:5)
  A bunyip (Swamp:4)
  A green death (Pan)
  2 yaktaur captains
  A juggernaut simulacrum (Coc:3)
  A rakshasa (Pan)
  A hydra (Swamp:4)
  3 caustic shrike simulacra
  An alligator (Swamp:4)
  2 stokers
  A death yak (Lair:5)
  A titan zombie (Hell)
  An occultist (Pan)
  A hell knight (Depths:1)
  2 soul eaters (Hell)
  A swamp dragon (Swamp:4)
  2 deep elf pyromancers
  3 moths of wrath (Zot:5)
  A rust devil (Hell)
  3 titan simulacra
  A hellion (Coc:3)
  A bloated husk (Swamp:2)
  A harpy zombie (Hell)
  A wind drake (Pan)
  A culicivora (Spider:4)
  A hog (Lair:3)
  A ynoxinul (Pan)
  A large abomination (Elf:1)
  A harpy simulacrum (Coc:6)
  A hydra simulacrum (Coc:7)
  A water moccasin (shapeshifter) (Depths:3)
  An orc warrior (Orc:2)
  A small abomination (Abyss:1)
  A bullfrog (Lair:1)
  2 necrophages (Crypt:3)
  48 ball lightnings
  8 creeping infernos
  A fire vortex (Pan)
  36 foxfires
  3 lurking horrors (Abyss:4)
  18 starspawn tentacles
  6 tentacles (Hell)
189 creatures vanquished.

Grand Total: 4052 creatures vanquished

Notes
Turn   | Place    | Note
-------+----------+-------------------------------------------
     0 | D:1      | miscthings the Gnoll Artificer began the quest for the Orb.
     0 | D:1      | Reached XP level 1. HP: 17/17 MP: 1/1
    82 | D:1      | Reached XP level 2. HP: 22/23 MP: 2/2
   371 | D:1      | Reached XP level 3. HP: 25/28 MP: 3/3
   695 | D:2      | Found Fadixibewn's Jewellery Boutique.
   715 | D:2      | Found a faded altar of an unknown god.
   721 | D:2      | Reached skill level 1 in Invocations
   754 | D:2      | Reached skill level 1 in Short Blades
   754 | D:2      | Reached skill level 1 in Long Blades
   754 | D:2      | Reached skill level 1 in Axes
   754 | D:2      | Reached skill level 1 in Maces & Flails
   754 | D:2      | Reached skill level 1 in Polearms
   754 | D:2      | Reached skill level 1 in Staves
   754 | D:2      | Reached skill level 1 in Ranged Weapons
   754 | D:2      | Reached skill level 1 in Throwing
   754 | D:2      | Reached skill level 1 in Shields
   754 | D:2      | Reached skill level 1 in Unarmed Combat
   754 | D:2      | Reached skill level 1 in Spellcasting
   808 | D:2      | Reached XP level 4. HP: 29/34 MP: 5/5
   834 | D:2      | Reached skill level 1 in Shapeshifting
  1495 | D:4      | Reached skill level 1 in Conjurations
  1495 | D:4      | Reached skill level 1 in Hexes
  1495 | D:4      | Reached skill level 1 in Summonings
  1495 | D:4      | Reached skill level 1 in Necromancy
  1495 | D:4      | Reached skill level 1 in Translocations
  1495 | D:4      | Reached skill level 1 in Transmutations
  1495 | D:4      | Reached skill level 1 in Fire Magic
  1495 | D:4      | Reached skill level 1 in Ice Magic
  1495 | D:4      | Reached skill level 1 in Air Magic
  1495 | D:4      | Reached skill level 1 in Earth Magic
  1495 | D:4      | Reached skill level 1 in Poison Magic
  1500 | D:4      | Noticed a black bear
  1505 | D:4      | Found a shimmering blue altar of Sif Muna.
  1518 | D:4      | Killed a black bear
  1519 | D:4      | Reached XP level 5. HP: 37/41 MP: 5/7
  1530 | D:4      | HP: 1/41 [goblin/+2 dagger of venom (3)]
  1690 | D:4      | Found an iron altar of Okawaru.
  1691 | D:4      | Found a snail-covered altar of Cheibriados.
  1691 | D:4      | Found a radiant altar of Vehumet.
  1698 | D:4      | Became a worshipper of Warmaster Okawaru
  1714 | D:4      | Reached XP level 6. HP: 39/47 MP: 8/8
  2522 | D:4      | Reached skill level 5 in Armour
  2613 | D:4      | Found a glowing golden altar of the Shining One.
  2746 | D:4      | Found a sparkling altar of Nemelex Xobeh.
  2855 | D:5      | Entered Level 5 of the Dungeon
  2900 | D:5      | Reached XP level 7. HP: 51/52 MP: 10/10
  3105 | D:5      | Found a glowing drain.
  3120 | D:5      | Noticed Sigmund
  3121 | D:5      | Found a white marble altar of Elyvilon.
  3128 | D:5      | Killed Sigmund
  3128 | D:5      | Reached * piety under Okawaru
  3406 | D:5      | Noticed Dowan
  3407 | D:5      | Noticed Duvessa
  3409 | D:5      | Killed Dowan
  3412 | D:5      | Killed Duvessa
  3413 | D:5      | Reached XP level 8. HP: 56/60 MP: 12/12
  3509 | D:5      | Found a staircase to the Ecumenical Temple.
  4039 | D:6      | Noticed Edmund
  4044 | D:6      | Noticed Jeremiah
  4051 | D:6      | Killed Edmund
  4051 | D:6      | Reached ** piety under Okawaru
  4081 | D:6      | Killed Jeremiah
  4082 | D:6      | Reached XP level 9. HP: 35/66 MP: 14/14
  4324 | D:6      | Noticed Prince Ribbit
  4337 | D:6      | Killed Prince Ribbit
  4440 | D:6      | Found a burning altar of Makhleb.
  4440 | D:6      | Noticed Eustachio
  4463 | D:6      | Killed Eustachio
  4464 | D:6      | Reached skill level 5 in Fighting
  4464 | D:6      | Reached skill level 5 in Dodging
  4629 | D:7      | Noticed Menkaure
  4650 | D:7      | Killed Menkaure
  4651 | D:7      | Reached skill level 5 in Stealth
  4788 | D:6      | Reached *** piety under Okawaru
  5028 | D:7      | Reached skill level 5 in Invocations
  5050 | D:7      | Found Giegomik's General Store.
  5063 | D:7      | Bought a scroll of identify for 26 gold pieces
  5063 | D:7      | Bought a potion of might for 52 gold pieces
  6403 | D:8      | Reached XP level 10. HP: 75/75 MP: 17/17
  6434 | D:8      | Reached skill level 5 in Short Blades
  6434 | D:8      | Reached skill level 5 in Long Blades
  6434 | D:8      | Reached skill level 5 in Axes
  6434 | D:8      | Reached skill level 5 in Maces & Flails
  6434 | D:8      | Reached skill level 5 in Polearms
  6434 | D:8      | Reached skill level 5 in Staves
  6434 | D:8      | Reached skill level 5 in Ranged Weapons
  6434 | D:8      | Reached skill level 5 in Throwing
  6434 | D:8      | Reached skill level 5 in Shields
  6434 | D:8      | Reached skill level 5 in Unarmed Combat
  6434 | D:8      | Reached skill level 5 in Spellcasting
  6476 | D:8      | Reached **** piety under Okawaru
  6851 | D:8      | Noticed a tengu warrior
  6854 | D:8      | Noticed a boulder beetle
  6854 | D:8      | Noticed a centaur warrior
  6855 | D:8      | Noticed a boulder beetle
  6858 | D:8      | Killed a centaur warrior
  6861 | D:8      | Killed a tengu warrior
  6864 | D:8      | Killed a boulder beetle
  6864 | D:8      | Reached ***** piety under Okawaru
  6865 | D:8      | Reached skill level 5 in Shapeshifting
  6865 | D:8      | Killed a boulder beetle
  7171 | D:8      | Received a gift from Okawaru
  7782 | D:9      | Reached XP level 11. HP: 43/83 MP: 19/19
  7817 | D:9      | Reached skill level 5 in Conjurations
  7817 | D:9      | Reached skill level 5 in Hexes
  7817 | D:9      | Reached skill level 5 in Summonings
  7817 | D:9      | Reached skill level 5 in Necromancy
  7817 | D:9      | Reached skill level 5 in Translocations
  7817 | D:9      | Reached skill level 5 in Transmutations
  7817 | D:9      | Reached skill level 5 in Fire Magic
  7817 | D:9      | Reached skill level 5 in Ice Magic
  7817 | D:9      | Reached skill level 5 in Air Magic
  7817 | D:9      | Reached skill level 5 in Earth Magic
  7817 | D:9      | Reached skill level 5 in Poison Magic
  8514 | D:9      | Found a staircase to the Lair.
  8645 | D:9      | Noticed a two-headed ogre
  8653 | D:9      | Noticed Maggie
  8657 | D:9      | Killed a two-headed ogre
  8698 | D:9      | Killed Maggie
  8728 | D:9      | Received a gift from Okawaru
  9242 | D:10     | Entered Level 10 of the Dungeon
 10098 | D:11     | Noticed hgbash's ghost (journeyman TrSh)
 10098 | D:11     | Found a transporter.
 10098 | D:11     | Found a transporter.
 10128 | D:11     | Noticed a skeletal warrior
 10128 | D:11     | Noticed a two-headed ogre
 10130 | D:11     | Noticed a catoblepas
 10253 | D:11     | Noticed a cyclops
 10292 | D:11     | Received a gift from Okawaru
 10339 | D:11     | Noticed a cyclops
 10340 | D:11     | Noticed a death knight
 10340 | D:11     | Noticed a six-headed hydra
 10340 | D:11     | Noticed a cyclops
 10340 | D:11     | Noticed an arcanist
 10341 | D:11     | Noticed a centaur warrior
 10345 | D:11     | Killed a death knight
 10345 | D:11     | Killed a cyclops
 10345 | D:11     | Killed a cyclops
 10345 | D:11     | Reached ****** piety under Okawaru
 10345 | D:11     | Killed a cyclops
 10346 | D:11     | Reached XP level 12. HP: 18/92 MP: 22/22
 10346 | D:11     | Killed a centaur warrior
 10349 | D:11     | Received a gift from Okawaru
 10349 | D:11     | Killed a six-headed hydra
 10350 | D:11     | Reached skill level 10 in Evocations
 10352 | D:11     | Acquired a +1 eveningstar of flaming
 10352 | D:11     | Received a gift from Okawaru
 10355 | D:11     | Acquired a +0 pair of gloves of dexterity
 10355 | D:11     | Received a gift from Okawaru
 10368 | D:11     | Noticed a boulder beetle
 10394 | D:11     | Killed a boulder beetle
 10537 | D:11     | Noticed an eight-headed hydra
 10537 | D:11     | Noticed a five-headed hydra
 10545 | D:11     | Killed an eight-headed hydra
 10545 | D:11     | Killed a five-headed hydra
 10545 | D:11     | Received a gift from Okawaru
 10701 | D:11     | Noticed a two-headed ogre
 10708 | D:11     | Killed a two-headed ogre
 10740 | D:11     | Noticed a two-headed ogre
 10743 | D:11     | Killed a two-headed ogre
 10753 | D:11     | Found a staircase to the Orcish Mines.
 10883 | Lair:1   | Entered Level 1 of the Lair of Beasts
 10886 | Lair:1   | Reached XP level 13. HP: 99/99 MP: 23/25
 11393 | Lair:1   | Received a gift from Okawaru
 11493 | Lair:1   | Learned a level 3 spell: Frozen Ramparts
 11497 | Lair:1   | Learned a level 3 spell: Mephitic Cloud
 11503 | Lair:1   | Learned a level 5 spell: Borgnjor's Vile Clutch
 11680 | Lair:1   | Noticed Joseph
 11689 | Lair:1   | Killed Joseph
 12487 | Lair:2   | Found a staircase to the Swamp.
 12806 | Lair:2   | Found a hole to the Spider Nest.
 13214 | Lair:3   | Learned a level 3 spell: Gell's Gravitas
 13264 | Lair:3   | Received a gift from Okawaru
 13363 | Lair:3   | Noticed Kirke
 13388 | Lair:3   | Noticed a sphinx
 13507 | Lair:3   | Identified the staff "Fil Ysee" {rF+ Str+4 Int+2 Dex-5
                  | Fire}
 13839 | Lair:3   | Killed Kirke
 13909 | Lair:3   | Reached skill level 10 in Armour
 14366 | Lair:4   | Received a gift from Okawaru
 14367 | Lair:4   | Reached XP level 14. HP: 99/108 MP: 25/27
 14594 | Lair:4   | Found a gate leading to a gauntlet.
 14603 | Gauntlet | Entered a Gauntlet
 14603 | Gauntlet | Found a transporter.
 14603 | Gauntlet | Found a transporter.
 14620 | Gauntlet | Found a transporter.
 14632 | Gauntlet | Found a transporter.
 14633 | Gauntlet | Found a transporter.
 14633 | Gauntlet | Found a transporter.
 14635 | Gauntlet | Found a transporter.
 14635 | Gauntlet | Found a transporter.
 14647 | Gauntlet | Found a transporter.
 14663 | Gauntlet | Found a transporter.
 14663 | Gauntlet | Noticed a quicksilver ooze
 14673 | Gauntlet | Found a transporter.
 14687 | Gauntlet | Found a transporter.
 14707 | Gauntlet | Found a transporter.
 14708 | Gauntlet | Found a runed translucent door.
 14720 | Gauntlet | Found a transporter.
 14878 | Gauntlet | Killed a quicksilver ooze
 14888 | Gauntlet | Identified the ring of Xom's Sleight of Hands {rElec Will+
                  | Str+2 Dex+5}
 15028 | Gauntlet | Reached skill level 10 in Invocations
 15255 | Lair:4   | Noticed Sonja
 15261 | Lair:4   | Killed Sonja
 15324 | Lair:4   | Found a viscous altar of Jiyva.
 15324 | Lair:4   | Found a staircase to the Slime Pits.
 15523 | Lair:5   | Entered Level 5 of the Lair of Beasts
 15557 | Lair:5   | Received a gift from Okawaru
 16136 | Lair:5   | Reached skill level 10 in Long Blades
 16287 | Lair:5   | Received a gift from Okawaru
 16341 | Lair:5   | Reached skill level 10 in Fighting
 16341 | Lair:5   | Reached skill level 10 in Dodging
 16363 | Lair:5   | Reached skill level 10 in Stealth
 16536 | Lair:5   | Identified the +1 mace of Brawling {freeze, rElec Int+4
                  | Dex+4}
 16700 | Lair:5   | Received a gift from Okawaru
 17165 | Orc:1    | Entered Level 1 of the Orcish Mines
 17242 | Orc:2    | Entered Level 2 of the Orcish Mines
 17242 | Orc:2    | Found Babrudamai's Antique Weapon Shoppe.
 17352 | Orc:2    | Found a staircase to the Elven Halls.
 17387 | Orc:2    | Reached XP level 15. HP: 56/115 MP: 3/28
 17992 | Orc:2    | Found Keanerih's Book Shoppe.
 18058 | Orc:2    | Noticed an orc warlord
 18066 | Orc:2    | Reached skill level 10 in Short Blades
 18066 | Orc:2    | Reached skill level 10 in Axes
 18066 | Orc:2    | Reached skill level 10 in Maces & Flails
 18066 | Orc:2    | Reached skill level 10 in Polearms
 18066 | Orc:2    | Reached skill level 10 in Staves
 18066 | Orc:2    | Reached skill level 10 in Ranged Weapons
 18066 | Orc:2    | Reached skill level 10 in Throwing
 18066 | Orc:2    | Reached skill level 10 in Shields
 18066 | Orc:2    | Reached skill level 10 in Unarmed Combat
 18066 | Orc:2    | Reached skill level 10 in Spellcasting
 18067 | Orc:2    | Killed an orc warlord
 18156 | Orc:2    | Found Dizeyffe's General Store.
 18181 | Orc:2    | Found Okuupies's Book Emporium.
 18195 | Orc:2    | Bought a potion of curing for 42 gold pieces
 18195 | Orc:2    | Bought a scroll of enchant armour for 105 gold pieces
 18195 | Orc:2    | Bought a scroll of teleportation for 42 gold pieces
 18203 | Orc:2    | Found a runed translucent gate.
 18203 | Orc:2    | Found a runed translucent gate.
 18204 | Orc:2    | Found a runed translucent gate.
 18205 | Orc:2    | Noticed jasper's ghost (journeyman DsAE)
 18220 | Orc:2    | Found Mor Yma's Antique Armour Shoppe.
 18263 | Orc:2    | Received a gift from Okawaru
 18578 | Orc:2    | Bought a fine leather armour for 245 gold pieces
 18578 | Orc:2    | Identified the +3 leather armour of Athoacw {rF+ rC+ rN++
                  | Dex+2} (You bought it in a shop on level 2 of the Orcish
                  | Mines)
 18874 | Orc:2    | Killed jasper's ghost
 19727 | D:12     | Gained mutation: You occasionally shout uncontrollably at
                  | your foes. [potion of mutation]
 19728 | D:12     | Lost mutation: You occasionally shout uncontrollably at
                  | your foes. [potion of mutation]
 19728 | D:12     | Gained mutation: You possess an exceptional clarity of
                  | mind. [potion of mutation]
 19728 | D:12     | Gained mutation: Your flesh is cold resistant. (rC+)
                  | [potion of mutation]
 19728 | D:12     | Gained mutation: You are partially covered in large bone
                  | plates. (SH +4) [potion of mutation]
 20009 | D:13     | Received a gift from Okawaru
 20715 | D:13     | Found a gate to the Vaults.
 21279 | D:14     | Received a gift from Okawaru
 21465 | D:14     | Reached skill level 10 in Air Magic
 21930 | D:15     | Entered Level 15 of the Dungeon
 21934 | D:15     | Found a sparkling altar of Nemelex Xobeh.
 21998 | D:15     | Received a gift from Okawaru
 22015 | D:15     | Reached XP level 16. HP: 55/125 MP: 26/30
 22592 | D:15     | Identified a scroll of acquirement
 22634 | D:15     | Acquired the +0 pair of boots of Words of Power {rN+ Will+
                  | Regen+ Dex+4}
 22750 | D:15     | Reached skill level 10 in Shapeshifting
 22828 | D:15     | Found a staircase to the Depths.
 22997 | D:13     | Learned a level 4 spell: Iskenderun's Mystic Blast
 23003 | D:13     | Learned a level 5 spell: Irradiate
 23129 | Spider:4 | Identified the "Zamenius"
 23129 | Swamp:3  | Identified the "Wuath"
 23129 | Vaults:5 | Identified the "Vylleoc"
 23129 | Elf:1    | Identified the "Keesaxiy"
 23129 | Elf:1    | Entered Level 1 of the Elven Halls
 23325 | Elf:1    | Received a gift from Okawaru
 23395 | Elf:1    | Learned a level 2 spell: Poisonous Vapours
 23926 | Elf:2    | Received a gift from Okawaru
 24068 | Elf:2    | Found Lanofairph's General Store.
 24240 | Elf:2    | Found a magical portal.
 24277 | WizLab   | Entered Wucad Mu's Monastery
 24489 | WizLab   | Noticed a grey draconian monk
 24516 | WizLab   | Found the crystal ball of Wucad Mu {*channel}
 24520 | WizLab   | Noticed a grey draconian monk
 24528 | WizLab   | Noticed a grey draconian monk
 24571 | WizLab   | Reached XP level 17. HP: 112/133 MP: 4/32
 24827 | Elf:2    | Received a gift from Okawaru
 24940 | Elf:2    | Found a runed translucent gate.
 24940 | Elf:2    | Found a runed translucent gate.
 24940 | Elf:2    | Found a runed translucent gate.
 25006 | Elf:3    | Identified the "Mujage"
 25006 | Elf:3    | Identified the of Yxiph
 25006 | Elf:3    | Entered Level 3 of the Elven Halls
 25257 | Elf:3    | Paralysed by an air elemental for 1 turns
 25262 | Elf:3    | Paralysed by an air elemental for 1 turns
 25480 | Elf:3    | Received a gift from Okawaru
 25569 | Elf:3    | Noticed Donald
 25574 | Elf:3    | Killed Donald
 25745 | Elf:3    | Reached XP level 18. HP: 141/141 MP: 24/33
 25795 | Elf:3    | Reached skill level 10 in Conjurations
 25795 | Elf:3    | Reached skill level 10 in Hexes
 25795 | Elf:3    | Reached skill level 10 in Summonings
 25795 | Elf:3    | Reached skill level 10 in Necromancy
 25795 | Elf:3    | Reached skill level 10 in Translocations
 25795 | Elf:3    | Reached skill level 10 in Transmutations
 25795 | Elf:3    | Reached skill level 10 in Fire Magic
 25795 | Elf:3    | Reached skill level 10 in Ice Magic
 25795 | Elf:3    | Reached skill level 10 in Earth Magic
 25795 | Elf:3    | Reached skill level 10 in Poison Magic
 26165 | Elf:3    | Received a gift from Okawaru
 26276 | Elf:3    | Identified the +6 mace "Kautuxog" {freeze, Int+3 Dex+2}
 26298 | Elf:3    | Identified the ring "Izick" {*Slow rF++ Int+6 Dex+4}
 26467 | Elf:3    | Noticed a deep elf blademaster
 26476 | Elf:3    | Killed a deep elf blademaster
 26487 | Elf:3    | Identified the +11 scimitar of the Hidden Vale {holy, rN+
                  | Str-4 Dex+2}
 26487 | Elf:3    | Identified the ring of Baz Ruvydd {Fly Slay+2}
 26493 | Elf:3    | Noticed a deep elf master archer
 26508 | Elf:3    | Killed a deep elf master archer
 26654 | Elf:3    | Identified the +9 mace of Uncomfortable Rashes {freeze,
                  | Int+2}
 26716 | Elf:3    | Identified the +1 falchion "Zihingih" {antimagic, Str+2}
 26757 | Elf:3    | Learned a level 5 spell: Arcjolt
 27159 | Swamp:1  | Entered Level 1 of the Swamp
 27277 | Swamp:1  | Received a gift from Okawaru
 27576 | Swamp:1  | Noticed Josephine
 27589 | Swamp:1  | Killed Josephine
 27936 | Swamp:2  | Received a gift from Okawaru
 28955 | Swamp:3  | Reached skill level 15 in Long Blades
 29041 | Swamp:4  | Entered Level 4 of the Swamp
 29123 | Swamp:4  | Reached XP level 19. HP: 144/151 MP: 35/35
 29173 | Swamp:4  | Received a gift from Okawaru
 29271 | Swamp:4  | Noticed Roxanne
 29325 | Swamp:4  | Killed Roxanne
 29641 | Swamp:4  | Got a decaying rune of Zot
 30004 | Vaults:1 | Entered Level 1 of the Vaults
 30198 | Vaults:1 | Received a gift from Okawaru
 30658 | Vaults:1 | Received a gift from Okawaru
 30796 | Vaults:1 | Found a flickering gateway to a bazaar.
 30802 | Bazaar   | Entered a bazaar
 30806 | Bazaar   | Found Vuriem's Distillery.
 30812 | Bazaar   | Bought a potion of heal wounds for 35 gold pieces
 30812 | Bazaar   | Bought a potion of heal wounds for 35 gold pieces
 30812 | Bazaar   | Bought 2 potions of curing for 42 gold pieces
 30812 | Bazaar   | Bought a potion of curing for 21 gold pieces
 30828 | Bazaar   | Found Koweunn's Antique Weapon Emporium.
 30849 | Bazaar   | Found Toghyshra's Book Boutique.
 30869 | Bazaar   | Found Iremig's Antique Armour Shoppe.
 30875 | Bazaar   | Bought a translucent chain mail for 190 gold pieces
 30875 | Bazaar   | Identified the +7 chain mail "Vilil" {Harm rF++ Will+
                  | Stlth+} (You bought it in a shop in a bazaar)
 31215 | Vaults:1 | Reached skill level 15 in Fighting
 31654 | Vaults:1 | Received a gift from Okawaru
 31955 | Vaults:2 | Found a staircase to the Crypt.
 31955 | Vaults:2 | Found an ancient bone altar of Kikubaaqudgha.
 31955 | Vaults:2 | Found a basalt altar of Yredelemnul.
 32011 | Vaults:2 | Identified the +2 leather armour of Dix Ynyo {rElec rF+
                  | SInv}
 32226 | Vaults:2 | Reached XP level 20. HP: 121/162 MP: 37/37
 32806 | Vaults:2 | Received a gift from Okawaru
 33614 | Vaults:3 | Acquired a +1 cloak of stealth
 33776 | Vaults:3 | Reached skill level 15 in Evocations
 33803 | Vaults:3 | Received a gift from Okawaru
 34182 | Vaults:3 | Noticed Nikola
 34196 | Vaults:3 | Killed Nikola
 34314 | Vaults:4 | Received a gift from Okawaru
 34367 | Vaults:4 | Reached skill level 15 in Invocations
 34820 | Vaults:4 | Identified the ring "Aklosm" {+Blink rElec Will- Slay+4}
 35034 | Vaults:4 | Received a gift from Okawaru
 35350 | Vaults:4 | Reached XP level 21. HP: 168/172 MP: 39/39
 35685 | Vaults:5 | Entered Level 5 of the Vaults
 35711 | Arena    | Entered the Arena
 35754 | Vaults:5 | Reached skill level 15 in Air Magic
 35756 | Vaults:5 | Noticed a golden dragon
 35766 | Vaults:5 | Killed a golden dragon
 35771 | Vaults:5 | Received a gift from Okawaru
 35918 | Vaults:5 | Reached skill level 15 in Armour
 36031 | Vaults:5 | Found the +9 sword of Zonguldrok {reap}
 36085 | Vaults:5 | Received a gift from Okawaru
 36199 | Vaults:5 | Identified the staff of the Feather {rElec rPois Int+3
                  | Poison}
 36533 | Vaults:5 | Got a silver rune of Zot
 36596 | Vaults:5 | Received a gift from Okawaru
 36763 | Vaults:5 | Identified the ring "Duge" {MP+9 Str+3 Int+3 Dex-3}
 36782 | Vaults:5 | Reached XP level 22. HP: 49/182 MP: 18/40
 36914 | Vaults:5 | Reached skill level 15 in Dodging
 36951 | Vaults:5 | Reached skill level 15 in Stealth
 37212 | Vaults:5 | Received a gift from Okawaru
 37498 | Vaults:5 | Identified the staff of Vengeance {rPois rF+ Fire}
 37951 | Spider:1 | Entered Level 1 of the Spider Nest
 38036 | Spider:1 | Identified the +9 lajatang "Aruowuin" {freeze, Str+5 Int+2}
 38409 | Spider:1 | Reached skill level 15 in Short Blades
 38409 | Spider:1 | Reached skill level 15 in Axes
 38409 | Spider:1 | Reached skill level 15 in Maces & Flails
 38409 | Spider:1 | Reached skill level 15 in Polearms
 38409 | Spider:1 | Reached skill level 15 in Staves
 38409 | Spider:1 | Reached skill level 15 in Ranged Weapons
 38409 | Spider:1 | Reached skill level 15 in Throwing
 38409 | Spider:1 | Reached skill level 15 in Shields
 38409 | Spider:1 | Reached skill level 15 in Unarmed Combat
 38409 | Spider:1 | Reached skill level 15 in Spellcasting
 38463 | Spider:1 | Found a runed translucent gate.
 38463 | Spider:1 | Found a runed translucent gate.
 38468 | Spider:1 | Found a runed translucent gate.
 38469 | Spider:1 | Noticed jejorda2's ghost (adept GnBe)
 38507 | Spider:1 | Learned a level 4 spell: Olgreb's Toxic Radiance
 38514 | Spider:1 | Learned a level 6 spell: Eringya's Noxious Bog
 38521 | Spider:1 | Learned a level 6 spell: Plasma Beam
 38915 | Spider:2 | Received a gift from Okawaru
 39891 | Spider:3 | Received a gift from Okawaru
 40099 | Spider:3 | Noticed Azrael
 40124 | Spider:3 | Killed Azrael
 40293 | Spider:4 | Entered Level 4 of the Spider Nest
 40636 | Spider:4 | Received a gift from Okawaru
 40697 | Spider:4 | Reached XP level 23. HP: 120/192 MP: 1/42
 40853 | Spider:4 | Got a gossamer rune of Zot
 41154 | Spider:1 | Killed jejorda2's ghost
 41171 | Spider:1 | Identified the +0 leather armour of the Marlin {rPois rC+
                  | Dex+2}
 41506 | Depths:1 | Entered Level 1 of the Depths
 41566 | Depths:1 | Received a gift from Okawaru
 41642 | Depths:1 | Found a broken altar of Ashenzari.
 42205 | Depths:1 | Found a gateway to Hell.
 43048 | Depths:1 | Learned a level 4 spell: Passage of Golubria
 43050 | Depths:1 | Identified the +1 demon whip of Kyhemp {elec, rElec rN+
                  | Dex+4}
 43119 | Depths:1 | Identified the +10 quarterstaff "Yshrutis" {venom, rN+
                  | Will+}
 43119 | Depths:1 | Identified the +9 quarterstaff of Cavveod {heavy, Will+
                  | rCorr}
 43136 | Depths:2 | Found a one-way gate leading to the halls of Pandemonium.
 43150 | Depths:2 | Received a gift from Okawaru
 43570 | Depths:2 | Noticed a caustic shrike
 43585 | Depths:2 | Received a gift from Okawaru
 43601 | Depths:2 | Killed a caustic shrike
 43757 | Depths:2 | Found a hazy altar of Hepliaklqana.
 43863 | Depths:2 | Identified the +3 long sword of Tumult {flame, rPois rF++
                  | Str-3 Stlth+}
 43955 | Depths:2 | Found a blossoming altar of Fedhas.
 44090 | Depths:2 | Found a runed translucent gate.
 44090 | Depths:2 | Found an opulent altar of Gozag.
 44090 | Depths:2 | Found a runed translucent gate.
 44091 | Depths:2 | Found a runed translucent gate.
 44091 | Depths:2 | Found Goazol's Assorted Antiques.
 44092 | Depths:2 | Noticed Otufioz's ghost (veteran GnWn)
 44270 | Depths:3 | Found a one-way gate to the infinite horrors of the Abyss.
 44270 | Depths:3 | Noticed Louise
 44285 | Depths:3 | Killed Louise
 44348 | Depths:3 | Reached XP level 24. HP: 174/203 MP: 40/43
 44726 | Depths:3 | Received a gift from Okawaru
 44746 | Depths:3 | Found an opulent altar of Gozag.
 45078 | Depths:3 | Reached skill level 15 in Shapeshifting
 45390 | Depths:4 | Entered Level 4 of the Depths
 45396 | Depths:4 | Found a one-way gateway to a ziggurat.
 45419 | Depths:4 | Received a gift from Okawaru
 45865 | Depths:4 | Identified the +8 orcbow of the Equinox {freeze, rN+ Int+5
                  | Dex-2}
 46230 | Depths:4 | Received a gift from Okawaru
 46523 | Depths:4 | Found a gate to the Realm of Zot.
 47356 | Slime:1  | Entered Level 1 of the Pits of Slime
 47785 | Slime:4  | Gained mutation: You are dopey. (Int -2) [a shining eye]
 47828 | Slime:5  | Identified the of Fiuntoit
 47828 | Slime:5  | Identified the "Meuvogru"
 47828 | Slime:5  | Identified the of Dirhier
 47828 | Slime:5  | Entered Level 5 of the Pits of Slime
 47860 | Slime:5  | Reached XP level 25. HP: 191/212 MP: 22/43
 48020 | Slime:5  | Received a gift from Okawaru
 49245 | Slime:5  | Noticed the Royal Jelly
 49269 | Slime:5  | Killed the Royal Jelly
 49269 | Slime:5  | Received a gift from Okawaru
 49353 | Slime:5  | Identified the staff "Cookie Cutter" {Str+5 Dex-4 SInv
                  | Earth}
 49396 | Slime:5  | Got a slimy rune of Zot
 49397 | Slime:5  | Identified the ring "Qesus" {Str+4 Int+6}
 49408 | Slime:5  | Identified the +3 rapier of Duty {pain, rElec rC- Str+6}
 49607 | Lair:4   | Learned a level 6 spell: Conjure Ball Lightning
 49882 | D:4      | Fell from the grace of Okawaru
 49882 | D:4      | Became a worshipper of the Shining One
 50172 | Crypt:1  | Entered Level 1 of the Crypt
 50227 | Crypt:1  | Reached * piety under the Shining One
 50421 | Crypt:1  | Reached ** piety under the Shining One
 50727 | Crypt:1  | Reached *** piety under the Shining One
 51362 | Crypt:2  | Reached **** piety under the Shining One
 51438 | Crypt:2  | Found a runed translucent gate.
 51438 | Crypt:2  | Found a runed translucent gate.
 51438 | Crypt:2  | Found a runed translucent gate.
 51489 | Crypt:2  | Reached ***** piety under the Shining One
 51819 | Crypt:2  | Noticed Pimiptod's ghost (adept MiFi)
 51931 | Crypt:2  | Killed Pimiptod's ghost
 51938 | Crypt:2  | Identified the amulet "Qyjopt" {rPois rF- Regen+ Slay+3}
 51988 | Crypt:3  | Entered Level 3 of the Crypt
 52014 | Crypt:3  | Reached ****** piety under the Shining One
 52023 | Crypt:3  | Identified a +9 eveningstar of holy wrath (a +7 eveningstar
                  | of flaming blessed by the Shining One)
 52023 | Crypt:3  | Received a gift from the Shining One
 52090 | Crypt:3  | Identified the +2 hat "Idaseuqo" {Harm rF++ Dex+2 Slay-5}
 52257 | Crypt:3  | Learned a level 1 spell: Apportation
 52294 | Crypt:3  | Reached XP level 26. HP: 218/224 MP: 44/44
 52713 | Crypt:3  | Found a staircase to the Tomb.
 52922 | Crypt:3  | Identified the +0 scimitar of Paha Henn {protect, rCorr
                  | SInv}
 53062 | Crypt:3  | Reached skill level 15 in Conjurations
 53062 | Crypt:3  | Reached skill level 15 in Hexes
 53062 | Crypt:3  | Reached skill level 15 in Summonings
 53062 | Crypt:3  | Reached skill level 15 in Necromancy
 53062 | Crypt:3  | Reached skill level 15 in Translocations
 53062 | Crypt:3  | Reached skill level 15 in Transmutations
 53062 | Crypt:3  | Reached skill level 15 in Fire Magic
 53062 | Crypt:3  | Reached skill level 15 in Ice Magic
 53062 | Crypt:3  | Reached skill level 15 in Earth Magic
 53062 | Crypt:3  | Reached skill level 15 in Poison Magic
 53233 | Crypt:3  | Identified the +3 scimitar "Uhiubeso" {freeze, Fragile rC-
                  | Int+9 SInv}
 53909 | Depths:3 | Voluntarily entered the Abyss.
 53943 | Abyss:1  | Found a corrupted altar of Lugonu.
 53945 | Abyss:1  | Found a corrupted altar of Lugonu.
 53946 | Abyss:1  | Found a corrupted altar of Lugonu.
 53946 | Abyss:1  | Found a corrupted altar of Lugonu.
 53950 | Abyss:1  | Found a corrupted altar of Lugonu.
 53968 | Abyss:1  | Found a corrupted altar of Lugonu.
 54132 | Abyss:2  | Identified the "Huawio"
 54174 | Abyss:2  | Found a transporter.
 54176 | Abyss:2  | Found a corrupted altar of Lugonu.
 54176 | Abyss:2  | Found a transporter.
 54232 | Abyss:2  | Identified the ring "Wuprezez" {rN+ Int+6}
 54542 | Abyss:4  | Found a corrupted altar of Lugonu.
 54643 | Abyss:4  | Gained mutation: Potions are less effective at restoring
                  | your health. [a shining eye]
 54691 | Abyss:4  | Paralysed by accursed screaming for 1 turns
 54697 | Abyss:4  | Paralysed by accursed screaming for 1 turns
 54714 | Abyss:4  | Found a burning altar of Makhleb.
 54718 | Abyss:4  | Found a burning altar of Makhleb.
 55143 | Abyss:5  | Found a corrupted altar of Lugonu.
 55277 | Abyss:5  | Got an abyssal rune of Zot
 55281 | Abyss:5  | Paralysed by accursed screaming for 1 turns
 55286 | Depths:3 | Escaped the Abyss
 55299 | Depths:3 | Learned a level 8 spell: Ignition
 55400 | Depths:2 | Killed Otufioz's ghost
 55432 | Depths:2 | Bought a runed cloak for 300 gold pieces
 55443 | Depths:2 | Bought a scroll of summoning for 380 gold pieces
 55443 | Depths:2 | Bought a potion of might for 160 gold pieces
 55518 | Tomb:3   | Identified the "Tyfozon"
 55518 | Tomb:3   | Identified the "Cawadgh"
 55518 | Dis:7    | Identified the "Codah"
 55518 | Pan      | Entered Pandemonium
 55536 | Pan      | Noticed Bykaaq the pandemonium lord
 55673 | Pan      | Reached XP level 27. HP: 233/233 MP: 45/45
 56058 | Pan      | Found an exit through the horrors of the Abyss.
 56230 | Pan      | Noticed Ignacio
 56241 | Pan      | Killed Ignacio
 56313 | Pan      | Noticed Olusoix the pandemonium lord
 56385 | Pan      | Killed Olusoix the pandemonium lord
 56423 | Pan      | Found a runed translucent door.
 56436 | Pan      | Got a demonic rune of Zot
 56497 | Pan      | Noticed Umyf the pandemonium lord
 56513 | Pan      | Killed Umyf the pandemonium lord
 56696 | Pan      | Was forgiven by Okawaru
 56826 | Pan      | Entered the realm of Cerebov.
 56902 | Pan      | Found the +6 sword of Cerebov {flame}
 56902 | Pan      | Noticed Cerebov
 56932 | Pan      | Killed Cerebov
 56959 | Pan      | Identified the ring of the Lizard {*Corrode rElec rPois
                  | Str-2 Int+6}
 56999 | Pan      | Identified the ring "Cuirashra" {*Slow rC+ MP+9 Str+6
                  | Int+3}
 57058 | Pan      | Identified the +8 dagger of Veike {freeze, Dex+6}
 57060 | Pan      | Identified the +6 dagger "Oxuokhlai" {flame, Will+}
 57085 | Pan      | Identified the staff "Tohener" {Fly rElec rF- Will+++ Int-3
                  | Air}
 57112 | Pan      | Got a fiery rune of Zot
 57376 | Pan      | Identified the +9 falchion "Odas" {pain, Int+2}
 57407 | Pan      | Entered the realm of Lom Lobon.
 57581 | Pan      | Noticed Lom Lobon
 57623 | Pan      | Killed Lom Lobon
 57641 | Pan      | Got a magical rune of Zot
 57825 | Pan      | Noticed Mennas
 57869 | Pan      | Killed Mennas
 57901 | Pan      | Entered the realm of Gloorx Vloq.
 57944 | Pan      | Noticed Gloorx Vloq
 57966 | Pan      | Killed Gloorx Vloq
 58021 | Pan      | Got a dark rune of Zot
 58347 | Pan      | Found an exit through the horrors of the Abyss.
 58458 | Pan      | Entered the realm of Mnoleg.
 58484 | Pan      | Gained mutation: You are robust. (+10% HP) [a cacodemon]
 58585 | Pan      | Gained mutation: You are weak. (Str -2) [a cacodemon]
 58705 | Pan      | Noticed Mnoleg
 58723 | Pan      | Killed Mnoleg
 58781 | Pan      | Got a glowing rune of Zot
 58964 | Pan      | Identified the +11 broad axe of Beyond {freeze, Dex+2}
 59085 | Pan      | Found an exit through the horrors of the Abyss.
 59103 | Pan      | Took an exit into the Abyss.
 59103 | Abyss:5  | Escaped into the Abyss
 59150 | Depths:2 | Escaped the Abyss
 59219 | Zig:1    | Entered Level 1 of a ziggurat
 59219 | Zig:1    | Found the +3 warlock's mirror {omnireflect}
 59242 | Zig:2    | Entered Level 2 of a ziggurat
 59265 | Zig:2    | Learned a level 7 spell: Orb of Destruction
 59268 | Zig:2    | Identified the +2 robe of Resourcefulness {rPois}
 59273 | Zig:3    | Entered Level 3 of a ziggurat
 59282 | Zig:3    | Noticed a dread lich
 59290 | Zig:3    | Noticed an ancient lich
 59443 | Zig:4    | Entered Level 4 of a ziggurat
 59458 | Zig:5    | Entered Level 5 of a ziggurat
 59560 | Zig:6    | Entered Level 6 of a ziggurat
 59563 | Zig:6    | Noticed Tycureid the pandemonium lord
 59575 | Zig:6    | Killed Tycureid the pandemonium lord
 59695 | Zig:7    | Entered Level 7 of a ziggurat
 59740 | Zig:7    | Identified the ring of Wesmeh {rPois Dex+2}
 59788 | Zig:8    | Entered Level 8 of a ziggurat
 59795 | Zig:8    | Noticed Atus the pandemonium lord
 59826 | Zig:8    | Killed Atus the pandemonium lord
 59849 | Zig:8    | Identified the amulet "Wygroz" {Spirit rC- Will+ Int+2}
 59856 | Zig:9    | Entered Level 9 of a ziggurat
 59869 | Zig:9    | Gained mutation: You have hidden genetic defects. [a
                  | neqoxec]
 59874 | Zig:9    | Gained mutation: You are clumsy. (Dex -2) [a cacodemon]
 59901 | Zig:9    | Identified the +2 quarterstaff "Death Rattle" {heavy, Int+6
                  | Dex+5 Stlth-}
 59911 | Zig:9    | Identified the ring "Myimas" {Fly rPois rN+ rCorr Str-3}
 59921 | Zig:10   | Entered Level 10 of a ziggurat
 59940 | Zig:10   | Identified the staff "Beos" {Fragile rElec rC+ rCorr SInv
                  | Ice}
 59957 | Zig:10   | Identified the +0 ring mail of Juunexeu {Drain rF+++ rC+++}
 60011 | Zig:11   | Identified the "Lew Tewno"
 60011 | Zig:11   | Entered Level 11 of a ziggurat
 60039 | Zig:11   | Identified the ring of Liberty {Fly rPois AC+4 Int+5
                  | Stlth-}
 60048 | Zig:11   | Identified the +8 great sword "Apnagym" {venom, rPois
                  | Int+2}
 60133 | Zig:12   | Entered Level 12 of a ziggurat
 60143 | Zig:12   | Found the +2 cloak of the Thief {*Fog Slay-2 SInv Stlth+}
 60164 | Zig:12   | Gained mutation: Your spells are a little easier to cast,
                  | but a little less powerful. [hidden defects]
 60168 | Zig:12   | Identified the amulet "Fodgheq" {Spirit Dex+2}
 60174 | Zig:12   | Identified the ring of Youthful Indiscretion {rN+ Will++
                  | Dex+6}
 60250 | Zig:13   | Entered Level 13 of a ziggurat
 60297 | Zig:13   | Identified the +4 rapier of the Big Bang {freeze, Fly rPois
                  | Str+3 Int-2}
 60310 | Zig:13   | Identified the +0 ring mail of the Heavens {rElec rC+ rCorr
                  | Stlth+}
 60370 | Zig:14   | Entered Level 14 of a ziggurat
 60494 | Zig:14   | Identified the +9 broad axe of Tortfeasance {flame, rElec
                  | rPois Int-4 Dex+3}
 60497 | Zig:14   | Identified the +9 orcbow "Demonbane" {freeze, rPois Will++
                  | Int-2}
 60504 | Zig:14   | Identified the amulet "Dibuuqe" {Spirit rElec rF+ rN+}
 60506 | Zig:14   | Identified the +0 kite shield of the Kissing Gods {rN+
                  | Int+3}
 60566 | Zig:15   | Entered Level 15 of a ziggurat
 60594 | Zig:15   | Gained mutation: You are very clumsy. (Dex -4) [hidden
                  | defects]
 60594 | Zig:15   | Lost mutation: You have hidden genetic defects. [hidden
                  | defects expressed]
 61112 | Elf:3    | Learned a level 9 spell: Chain Lightning
 61543 | Hell     | Entered the Vestibule of Hell
 61543 | Hell     | Noticed Geryon
 61626 | Hell     | Killed Geryon
 61663 | Hell     | Found a gateway to the decaying netherworld of Tartarus.
 61740 | Hell     | Found a gateway to the freezing wastes of Cocytus.
 61822 | Hell     | Found a gateway to the Iron City of Dis.
 61991 | Hell     | Found a gateway to the ashen valley of Gehenna.
 62263 | Coc:1    | Entered Level 1 of Cocytus
 62408 | Coc:3    | Noticed an ancient lich
 62416 | Coc:3    | Killed an ancient lich
 62697 | Coc:5    | Paralysed by a wendigo for 1 turns
 62800 | Coc:5    | Paralysed by a wendigo for 1 turns
 62856 | Coc:6    | Paralysed by a wendigo for 1 turns
 62917 | Coc:7    | Entered Level 7 of Cocytus
 62977 | Coc:7    | Noticed the Serpent of Hell
 62992 | Coc:7    | Killed the Serpent of Hell
 63170 | Coc:7    | Noticed Antaeus
 63194 | Coc:7    | Killed Antaeus
 63225 | Coc:7    | Got an icy rune of Zot
 63315 | Coc:7    | Paralysed by a wendigo for 1 turns
 63359 | Coc:7    | Identified the +6 morningstar of Terra Nullius {heavy,
                  | Drain rC- Dex+4 Stlth+}
 63375 | Coc:7    | Paralysed by a wendigo for 1 turns
 63514 | Geh:1    | Entered Level 1 of Gehenna
 63545 | Geh:1    | Reached skill level 27 in Fighting
 63746 | Geh:2    | Reached skill level 27 in Long Blades
 64735 | Geh:7    | Entered Level 7 of Gehenna
 65186 | Geh:7    | Found the +13 sceptre of Asmodeus
 65186 | Geh:7    | Noticed Asmodeus
 65211 | Geh:7    | Killed Asmodeus
 65246 | Geh:7    | Got an obsidian rune of Zot
 65530 | Tar:1    | Entered Level 1 of Tartarus
 66257 | Tar:7    | Entered Level 7 of Tartarus
 66439 | Tar:7    | Identified the +2 cloak "Vasiyddu" {Fly rF+}
 66471 | Tar:7    | Identified the ring "Adwa" {Ice SInv}
 66489 | Tar:7    | Identified the ring of Elaeph {rElec rCorr AC+4 Stlth-}
 66496 | Tar:7    | Identified the staff "Janish" {Contam rElec Dex+2 Earth}
 66497 | Tar:7    | Identified the staff "Jellybane" {rC+ Str+4 Ice}
 66620 | Tar:7    | Noticed Ereshkigal
 66653 | Tar:7    | Paralysed by Ereshkigal for 4 turns
 66662 | Tar:7    | Killed Ereshkigal
 66688 | Tar:7    | Got a bone rune of Zot
 66820 | Dis:1    | Entered Level 1 of the Iron City of Dis
 67061 | Dis:3    | Noticed an ancient lich
 67073 | Dis:3    | Killed an ancient lich
 67347 | Dis:3    | Noticed an ancient lich
 67382 | Dis:3    | Killed an ancient lich
 67759 | Dis:7    | Entered Level 7 of the Iron City of Dis
 67839 | Dis:7    | Learned a level 6 spell: Summon Cactus Giant
 67903 | Dis:7    | Reached skill level 27 in Staves
 68152 | Dis:7    | Was placed under penance by the Shining One
 68415 | Dis:7    | Was forgiven by the Shining One
 68537 | Dis:7    | Noticed Dispater
 68541 | Dis:7    | Noticed a juggernaut
 68576 | Dis:7    | Killed Dispater
 68594 | Dis:7    | Killed a juggernaut
 68598 | Dis:7    | Found the orb of Dispater {+Damnation *Corrode AC+5}
 68603 | Dis:7    | Got an iron rune of Zot
 68682 | Dis:7    | Noticed a dread lich
 69308 | Tomb:1   | Entered Level 1 of the Tomb of the Ancients
 69480 | Tomb:1   | Noticed a royal mummy
 69484 | Tomb:1   | Noticed a royal mummy
 69486 | Tomb:1   | Noticed a royal mummy
 69492 | Tomb:1   | Killed a royal mummy
 69494 | Tomb:1   | Killed a royal mummy
 69502 | Tomb:1   | Killed a royal mummy
 69593 | Tomb:2   | Noticed a royal mummy
 69595 | Tomb:2   | Noticed a royal mummy
 69621 | Tomb:2   | Noticed a royal mummy
 69623 | Tomb:2   | Killed a royal mummy
 69635 | Tomb:2   | Killed a royal mummy
 69681 | Tomb:2   | Noticed a royal mummy
 69692 | Tomb:2   | Killed a royal mummy
 69704 | Tomb:2   | Killed a royal mummy
 70161 | Tomb:1   | Noticed a royal mummy
 70168 | Tomb:1   | Killed a royal mummy
 70170 | Tomb:1   | Noticed a royal mummy
 70176 | Tomb:1   | Noticed a royal mummy
 70178 | Tomb:1   | Noticed a royal mummy
 70180 | Tomb:1   | Noticed a royal mummy
 70182 | Tomb:1   | Killed a royal mummy
 70183 | Tomb:1   | Killed a royal mummy
 70184 | Tomb:1   | Killed a royal mummy
 70185 | Tomb:1   | Killed a royal mummy
 70189 | Tomb:1   | Noticed a royal mummy
 70195 | Tomb:1   | Noticed a royal mummy
 70198 | Tomb:1   | Killed a royal mummy
 70211 | Tomb:1   | Killed a royal mummy
 70278 | Tomb:1   | Noticed a royal mummy
 70285 | Tomb:1   | Killed a royal mummy
 70294 | Tomb:1   | Noticed a royal mummy
 70307 | Tomb:1   | Killed a royal mummy
 70308 | Tomb:1   | Reached skill level 27 in Unarmed Combat
 70308 | Tomb:1   | Noticed a royal mummy
 70315 | Tomb:1   | Killed a royal mummy
 70334 | Tomb:1   | Noticed a royal mummy
 70347 | Tomb:1   | Killed a royal mummy
 70355 | Tomb:1   | Noticed a royal mummy
 70355 | Tomb:1   | Noticed a royal mummy
 70363 | Tomb:1   | Killed a royal mummy
 70367 | Tomb:1   | Killed a royal mummy
 70370 | Tomb:1   | Noticed a royal mummy
 70394 | Tomb:1   | Killed a royal mummy
 70418 | Tomb:1   | Noticed a royal mummy
 70419 | Tomb:1   | Noticed a royal mummy
 70425 | Tomb:1   | Noticed a royal mummy
 70431 | Tomb:1   | Noticed a royal mummy
 70432 | Tomb:1   | Killed a royal mummy
 70434 | Tomb:1   | Noticed a royal mummy
 70435 | Tomb:1   | Noticed a royal mummy
 70440 | Tomb:1   | Killed a royal mummy
 70440 | Tomb:1   | Killed a royal mummy
 70441 | Tomb:1   | Killed a royal mummy
 70441 | Tomb:1   | Killed a royal mummy
 70443 | Tomb:1   | Killed a royal mummy
 70445 | Tomb:1   | Noticed a royal mummy
 70458 | Tomb:1   | Killed a royal mummy
 70722 | Tomb:3   | Entered Level 3 of the Tomb of the Ancients
 70733 | Tomb:3   | Noticed a royal mummy
 70734 | Tomb:3   | Noticed a royal mummy
 70738 | Tomb:3   | Killed a royal mummy
 70738 | Tomb:3   | Killed a royal mummy
 70739 | Tomb:3   | Noticed a royal mummy
 70740 | Tomb:3   | Noticed a royal mummy
 70743 | Tomb:3   | Killed a royal mummy
 70745 | Tomb:3   | Noticed a royal mummy
 70746 | Tomb:3   | Killed a royal mummy
 70748 | Tomb:3   | Noticed a royal mummy
 70753 | Tomb:3   | Killed a royal mummy
 70756 | Tomb:3   | Killed a royal mummy
 70805 | Tomb:3   | Noticed a royal mummy
 70814 | Tomb:3   | Killed a royal mummy
 70822 | Tomb:3   | Noticed a royal mummy
 70829 | Tomb:3   | Killed a royal mummy
 70829 | Tomb:3   | Noticed a royal mummy
 70842 | Tomb:3   | Killed a royal mummy
 70862 | Tomb:3   | Got a golden rune of Zot
 70874 | Tomb:3   | Noticed a royal mummy
 70882 | Tomb:3   | Killed a royal mummy
 70883 | Tomb:3   | Reached skill level 27 in Maces & Flails
 70919 | Tomb:3   | Reached skill level 27 in Stealth
 70976 | Tomb:3   | Found the +7 sceptre of Torment {pain, torment}
 70996 | Tomb:3   | Identified the ring "Icrydwej" {rF- rN+ Dex+7}
 71007 | Tomb:3   | Identified the +3 troll leather armour of Shrieking Life
                  | {rN+ Regen+}
 71026 | Tomb:3   | Identified the ring of Lugonu, Thieving {rC+ Int+3 Dex+6
                  | Stlth+}
 71030 | Tomb:3   | Identified the +1 hand axe "Peadugud" {elec, rN+++ MP+9
                  | Str-2}
 71049 | Tomb:3   | Identified the +5 battleaxe of Cimaw {drain, Fragile Str+3
                  | Int+3}
 71051 | Tomb:3   | Identified the orb of the Endless Expanse {mayhem, Dex+2}
 71052 | Tomb:3   | Identified the +3 kite shield of Charity {SInv}
 71053 | Tomb:3   | Identified the +0 arbalest "Leteruoss" {flame, rElec rPois
                  | rC++ Int-4}
 71080 | Tomb:3   | Identified the +2 leather armour "Sotim" {*Slow rCorr Int-2
                  | Dex+6}
 71081 | Tomb:3   | Noticed a royal mummy
 71082 | Tomb:3   | Noticed a royal mummy
 71083 | Tomb:3   | Noticed Khufu
 71094 | Tomb:3   | Killed a royal mummy
 71094 | Tomb:3   | Killed a royal mummy
 71095 | Tomb:3   | Killed Khufu
 71107 | Tomb:3   | Found the +5 Storm Queen's Shield {shock, Fly rElec}
 71670 | Zot:1    | Entered Level 1 of the Realm of Zot
 71886 | Zot:5    | Entered Level 5 of the Realm of Zot
 72054 | Zot:5    | Noticed an ancient lich
 72060 | Zot:5    | Killed an ancient lich
 72077 | Zot:5    | Noticed an orb of fire
 72080 | Zot:5    | Noticed an ancient lich
 72091 | Zot:5    | Killed an orb of fire
 72098 | Zot:5    | Killed an ancient lich
 72174 | Zot:5    | Got the Orb of Zot
 72769 | D:2      | Noticed Awipn the pandemonium lord
 72769 | D:2      | Noticed an ancient lich
 72787 | D:$      | Escaped with the Orb!

Illustrated notes

Levels and vault maps discovered:
D:1:      dpeg_arrival_connections, layout_loops_ring
D:2:      layout_basic, nicolae_ecumenical_snake_handling, serial_shops,
          nicolae_shop_gaudy_bauble, minmay_misc_feat_cross,
          chequers_hall_statues_corner_a, minmay_misc_feat_rows
D:3:      layout_basic
D:4:      layout_rooms, mainiacjoe_overflow_alcove_2,
          mainiacjoe_overflow_concentric_impassable,
          mainiacjoe_overflow_tiny_flanked,
          chequers_temple_overflow_statue_of_worship, st_stairs_2
D:5:      layout_basic, nicolae_overflow_crystal_walls,
          minmay_temple_entry_offerings, gup_sewer_entry_glass, uniq_sigmund,
          uniq_duvessa
D:6:      layout_loops_ring, mainiacjoe_overflow_alcove_4, uniq_eustachio,
          uniq_prince_ribbit1, uniq_edmund, uniq_jeremiah
D:7:      layout_cave_pods, serial_shops, nicolae_square_shop, uniq_menkaure
D:8:      minmay_curly_fans, layout_layer_cave, grunt_decor_arrowhead,
          nicolae_eternal_life
D:9:      layout_rooms, erik_lair_island, st_stairs_9, minmay_puff, uniq_maggie
D:10:     layout_basic, item_on_display_a
D:11:     minmay_chambers_of_sevens, layout_loops_cross, gammafunk_ghost_arena,
          minivault_28
D:12:     layout_irregular_city
D:13:     statuecave_lemuel, layout_basic, david_vaults_4,
          minmay_fractal_squares_gapless_7
D:14:     layout_rooms, special_room [special_room_bee], corexii_hall_statues_s,
          kennysheep_cluttered_room
D:15:     hangedman_depths_entry_try_elsewhere_first, layout_rooms,
          interstate_on_off, nemelex_xobeh_ov_fountains_minmay
Lair:1:   layout_layer_cave, nicolae_lair_run_with_the_wolves,
          grunt_megastairs_1, uniq_joseph
Lair:2:   layout_misc_corridors, swamp_mist_pool, spider_nest_entry_a,
          beast_lair_carwin_2
Lair:3:   layout_roguey, cheibrodos_lair_reptile_den, serial_bayou_shore_a,
          uniq_kirke
Lair:4:   layout_hall_layers, slime_entry_1, gauntlet_entry_generic,
          beast_lair_carwin_3, infiniplex_staircase_pool, lemuel_fruit_tree,
          uniq_sonja
Lair:5:   grunt_lair_end_beastmaster, layout_small_grid
Swamp:1:  layout_basic_swamp, evilmike_swamp_ruin_house_3, swamp_pool_1_2,
          uniq_josephine
Swamp:2:  layout_basic_swamp, evilmike_swamp_ruin_house_6
Swamp:3:  layout_falls_marsh, evilmike_swamp_ruin_house_4
Swamp:4:  swamp_alternative, layout_basic_swamp, uniq_roxanne
Spider:1: layout_spider_delve, gammafunk_ghost_split
Spider:2: layout_spider_delve
Spider:3: layout_spider_delve, nicolae_spider_swamp_cousins, uniq_azrael
Spider:4: hellmonk_spider_rune_bug_friends
Slime:1:  layout_caves
Slime:2:  nicolae_slime_infinislime, layout_caves, basic_altar
Slime:3:  layout_caves
Slime:4:  layout_caves
Slime:5:  slime_pit_nicolae_royal_road_to_ruin
Orc:1:    layout_diamond_mine, mines2_david
Orc:2:    grunt_orc_gardens, layout_caves, grunt_orc_garden, grunt_orc_garden,
          grunt_orc_garden, grunt_orc_garden, serial_shops,
          nicolae_shop_tiny_waterfront, basic_altar, gammafunk_ghost_split
Elf:1:    layout_rooms, minmay_elf_necromancy, uniq_louise
Elf:2:    nicolae_elf_blades_splatter_lattice [nooodl_blade_entry_preview],
          layout_geoelf_diagonals, serial_shops, shop, mu_enter_wizlab_7,
          uniq_asterion, uniq_zenata
Elf:3:    minmay_elf_hall_curves, layout_geoelf_castle, uniq_donald
Vaults:1: nicolae_vaults_shrinking_rooms_2, v_alt_pattern_6, v_pattern_3,
          ontoclasm_vaults_idyll, nicolae_vaults_little_squares_1,
          nicolae_vaults_little_squares_3, nicolae_vaults_trapezoid_3,
          v_alt_pattern_6, vaults_room_pool, ontoclasm_vaults_chip,
          nicolae_vaults_trapezoid_lopsided_3, special_room_vaults
          [special_room_orc], layout_vaults_chaotic_city, serial_shops,
          bzr_entry_safe
Vaults:2: hangedman_vaults_hat, hangedman_vaults_trim,
          minmay_crypt_entry_necro_gods, nicolae_vaults_c_with_doors,
          nicolae_vaults_sesquioval_fish, vaults_dpeg_spiral,
          nicolae_vaults_prndl, nicolae_vaults_double_plus_1,
          nicolae_vaults_gold_heap, nicolae_vaults_apartment_1,
          vaults_dpeg_encased_lava, nicolae_vaults_little_squares_3,
          layout_vaults_ring
Vaults:3: vaults_standard_mumra_enter_the_diamond, grunt_vaults_hallway_short,
          nicolae_vaults_ninety_degrees, nicolae_vaults_mini_display_case,
          nicolae_vaults_tetromino_T_2, nicolae_vaults_cornered_office,
          grunt_vaults_focal, v_misc_33, ontoclasm_vaults_ligature,
          vaults_room_door_ring, nicolae_vaults_shrinking_rooms_1,
          nicolae_vaults_variable_pillar_hall, ontoclasm_vaults_gallery,
          nicolae_vaults_oval_intersection, nicolae_vaults_tetromino_T_1,
          layout_vaults_maze_bifur, uniq_nikola
Vaults:4: grunt_vaults_hallway_long, vaults_mumra_chevron,
          nicolae_vaults_stepped_doors, v_pattern_2, v_rooms_3,
          cheibrodos_frozen_isle, nicolae_vaults_surprise_closet, v_misc_13,
          dpeg_vaults_monster_box, nicolae_vaults_windows_and_doors_thing,
          layout_vaults_omnigrid
Vaults:5
Crypt:1:  layout_misc_corridors, serial_co_window_serial, co_window_paths_a,
          co_window_corner_a, co_window_corner_a, co_window_corner_a,
          co_window_corner_a, co_window_corner_a, co_window_paths_b,
          co_window_paths_b, co_window_corner_a, co_window_cross_4,
          co_window_2corner, co_window_corner_b, glass_columns_c,
          glass_columns_a, glass_columns_b
Crypt:2:  layout_misc_corridors, gammafunk_ghost_necromancy
Crypt:3:  due_elkab, layout_chaotic_city, tomb_entry_shell_bobbens, st_stairs_5
Tomb:1
Tomb:2
Tomb:3:   uniq_khufu
Depths:1: layout_honeycomb, nicolae_ashenzari_panopticon, hellmouth_2,
          st_stairs_6, kennysheep_small_circle, firewood_loft,
          serial_bayou_shore_b
Depths:2: minmay_the_grid_octo_2x2 [minmay_the_grid_octo_vomiting_pacman,
          minmay_the_grid_octo_odd_swirl, minmay_the_grid_octo_concentric,
          minmay_the_grid_octo_prize_single_spiral], layout_cross, hellmouth_1,
          ebering_ghost_gozag, rand_demon_pan_entry_7, grunt_decor_cap,
          fedhas_altar_4
Depths:3: cheibrodos_leafed_vault, layout_gridville,
          nicolae_abyss_entry_one_way_or_another, nicolae_lava_and_water,
          pf_vacation_house_of_asmodeus, hangedman_decor_lopped,
          nicolae_gozag_seed_capital, infiniplex_staircase_pool_2
Depths:4: grunt_zot_entry_gee_three, layout_twisted_cross, enter_ziggurat_e,
          pf_coc_iceberg, serial_bayou_crossing, uniq_margery
Hell
Dis:1:    layout_subdivisions
Dis:2:    layout_subdivisions
Dis:3:    layout_overlapping_boxes
Dis:4:    layout_regular_city
Dis:5:    layout_overlapping_boxes
Dis:6:    layout_gridville
Dis:7:    dis_st
Geh:1:    layout_gehenna_lava_caves
Geh:2:    nicolae_geh_erupted_tower, layout_gehenna_pools_box
Geh:3:    layout_gehenna_pools_triple
Geh:4:    layout_gehenna_pools_basic, hangedman_elemental_grid_stream
Geh:5:    layout_gehenna_lava_caves
Geh:6:    layout_gehenna_pools_basic
Geh:7:    evilmike_geh
Coc:1:    layout_ice_bergs
Coc:2:    layout_ice_bergs, nicolae_coc_statues_of_limitations
Coc:3:    layout_cocytus_delve
Coc:4:    layout_cocytus_delve
Coc:5:    layout_ice_bergs
Coc:6:    layout_cocytus_water_paths, serial_ice
Coc:7:    coc_dpeg
Tar:1:    layout_grid_maze
Tar:2:    layout_grid_maze
Tar:3:    layout_honeycomb
Tar:4:    layout_grid_maze
Tar:5:    layout_cathedral_of_symmetry
Tar:6:    layout_grid_maze
Tar:7:    tar_mu [tar_mu_maze]
Zot:1:    layout_onion_interference
Zot:2:    layout_misc_corridors, regret_index_zotdec_carving_tricks
Zot:3:    layout_gridville, st_small_dragon_hoard_5, skrybe_zot_glass_2
Zot:4:    layout_basic
Zot:5:    layout_basic, gammafunk_ghost_split

Skill      XL: |  1  2  3  4  5  6  7  8  9 10 11 12 13 14 15 16 17 18 19 20 21 22 23 24 25 26 27 |
---------------+----------------------------------------------------------------------------------+-----
Invocations    | 1 2 3 4 5 6 8 9 10 11 12 13 14 15 16 17 18 19 26 | 26.2
Short Blades   | 1 2 3 4 5 7 8 9 10 11 12 13 14 15 16 17 18 24 | 24.3
Long Blades    | 1 2 3 4 5 7 8 9 10 12 13 15 16 17 18 19 20 21 22 23 27 | 27.0
Axes           | 1 2 3 4 5 7 8 9 10 11 12 13 14 15 16 17 18 24 | 24.3
Maces & Flails | 1 2 3 4 5 7 8 9 10 11 12 13 14 15 16 17 18 27 | 27.0
Polearms       | 1 2 3 4 5 7 8 9 10 11 12 13 14 15 16 17 18 24 | 24.3
Staves         | 1 2 3 4 5 7 8 9 10 11 12 13 14 15 16 17 19 27 | 27.0
Ranged Weapons | 1 2 3 4 5 7 8 9 10 11 12 13 14 15 16 17 18 24 | 24.3
Throwing       | 1 2 3 4 5 7 8 9 10 11 12 13 14 15 16 17 18 24 | 24.3
Shields        | 1 2 3 4 5 7 8 9 10 11 12 13 14 15 16 17 18 24 | 24.3
Unarmed Combat | 1 2 3 4 5 7 8 9 10 11 12 13 14 15 16 17 18 27 | 27.0
Spellcasting   | 1 2 3 4 5 7 8 9 10 11 12 13 14 15 16 17 18 24 | 24.3
Shapeshifting  | 1 2 3 4 5 6 7 8 9 10 11 12 13 14 15 16 22 | 22.6
Conjurations   | 1 2 3 4 6 7 8 9 10 11 12 13 14 15 20 | 20.9
Hexes          | 1 2 3 4 6 7 8 9 10 11 12 13 14 15 20 | 20.9
Summonings     | 1 2 3 4 6 7 8 9 10 11 12 13 14 15 20 | 20.9
Necromancy     | 1 2 3 4 6 7 8 9 10 11 12 13 14 15 20 | 20.9
Translocations | 1 2 3 4 6 7 8 9 10 11 12 13 14 15 20 | 20.9
Transmutations | 1 2 3 4 6 7 8 9 10 11 12 13 14 15 20 | 20.9
Fire Magic     | 1 2 3 4 6 7 8 9 10 11 12 13 14 15 20 | 20.9
Ice Magic      | 1 2 3 4 6 7 8 9 10 11 12 13 14 15 20 | 20.9
Air Magic      | 1 2 3 4 6 7 8 10 11 12 13 14 15 16 17 18 19 20 25 | 25.8
Earth Magic    | 1 2 3 4 6 7 8 9 10 11 12 13 14 15 24 | 24.3
Poison Magic   | 1 2 3 4 6 7 8 9 10 11 12 13 14 15 20 | 20.9
Fighting       | 3 4 5 6 7 8 9 10 11 12 13 15 16 17 18 19 20 21 22 27 | 27.0
Dodging        | 3 4 5 6 7 8 9 10 11 12 13 14 15 16 17 18 24 | 24.4
Stealth        | 3 4 5 6 7 8 9 10 11 12 13 14 15 16 17 18 27 | 27.0
Armour         | 5 6 7 8 9 10 11 12 13 14 15 16 17 18 24 | 24.7
Evocations     | 7 8 9 10 11 12 13 14 15 16 17 18 19 25 | 25.0

Action                     |  1- 3 |  4- 6 |  7- 9 | 10-12 | 13-15 | 16-18 | 19-21 | 22-24 | 25-27 || total
---------------------------+-------+-------+-------+-------+-------+-------+-------+-------+-------++-------
  Melee: Trident           |   103 |    49 |       |       |       |       |       |       |       ||   152
         Bite              |     7 |    13 |    30 |   100 |   336 |   182 |   308 |   305 |  1221 ||  2502
         Punch             |     3 |     1 |       |       |       |       |       |       |       ||     4
         Dagger            |       |    83 |   296 |   650 |  1900 |   464 |   713 |       |       ||  4106
         Unarmed           |       |       |       |       |     4 |       |       |       |       ||     4
         Eveningstar       |       |       |       |       |    43 |   562 |   349 |       |   717 ||  1671
         Double sword      |       |       |       |       |       |       |   277 |  1501 |   179 ||  1957
         Scimitar          |       |       |       |       |       |       |       |       |   306 ||   306
         Eudemon blade     |       |       |       |       |       |       |       |       |  3832 ||  3832
  Throw: Dart              |       |       |       |     2 |    43 |     7 |    30 |     8 |     2 ||    92
         Javelin           |       |       |       |     1 |     2 |     4 |     1 |     1 |       ||     9
   Cast: Mephitic Cloud    |       |       |       |       |    53 |    40 |   102 |    31 |     8 ||   234
         Frozen Ramparts   |       |       |       |       |    17 |       |     1 |       |       ||    18
         Gell's Gravitas   |       |       |       |       |     2 |     2 |     2 |       |       ||     6
         Poisonous Vapours |       |       |       |       |       |     2 |     2 |     5 |       ||     9
         Arcjolt           |       |       |       |       |       |    14 |    76 |   116 |   102 ||   308
         Borgnjor's Vile C |       |       |       |       |       |       |    10 |    13 |     1 ||    24
         Eringya's Noxious |       |       |       |       |       |       |       |    26 |     2 ||    28
         Olgreb's Toxic Ra |       |       |       |       |       |       |       |     5 |       ||     5
         Plasma Beam       |       |       |       |       |       |       |       |     6 |    32 ||    38
         Passage of Golubr |       |       |       |       |       |       |       |     2 |    20 ||    22
         Irradiate         |       |       |       |       |       |       |       |     1 |       ||     1
         Conjure Ball Ligh |       |       |       |       |       |       |       |       |    14 ||    14
         Ignition          |       |       |       |       |       |       |       |       |   206 ||   206
         Apportation       |       |       |       |       |       |       |       |       |     2 ||     2
         Chain Lightning   |       |       |       |       |       |       |       |       |    52 ||    52
         Orb of Destructio |       |       |       |       |       |       |       |       |     4 ||     4
         Summon Cactus Gia |       |       |       |       |       |       |       |       |     1 ||     1
 Invoke: Receive Weapon    |       |       |       |     1 |       |       |       |       |       ||     1
         Receive Armour    |       |       |       |     1 |       |       |       |       |       ||     1
         Heroism           |       |       |       |       |     3 |     6 |     2 |       |     1 ||    12
         Finesse           |       |       |       |       |     2 |     1 |     3 |     1 |     1 ||     8
         Duel              |       |       |       |       |       |       |     1 |       |       ||     1
         Cleansing Flame   |       |       |       |       |       |       |       |       |     1 ||     1
         Brand Weapon With |       |       |       |       |       |       |       |       |     1 ||     1
         Divine Shield     |       |       |       |       |       |       |       |       |    21 ||    21
         Summon Divine War |       |       |       |       |       |       |       |       |     7 ||     7
Ability: Begin Untransform |       |       |       |       |       |       |     1 |       |     1 ||     2
  Evoke: Wand              |       |     9 |    27 |    21 |    20 |    11 |    32 |    30 |    71 ||   221
         Lightning rod     |       |       |       |       |    11 |     5 |     7 |    10 |     7 ||    40
         Phantom mirror    |       |       |       |       |       |       |       |       |     6 ||     6
    Use: Scroll            |       |    10 |     3 |    11 |    14 |     4 |     7 |     6 |    59 ||   114
         Potion            |       |     2 |     1 |     4 |     5 |     1 |    12 |     7 |    45 ||    77
   Stab: Sleeping          |     4 |       |     4 |     7 |     8 |    27 |    31 |    40 |     2 ||   123
         Distracted        |     1 |       |       |       |     3 |     1 |     2 |     5 |       ||    12
         Confused          |       |       |       |       |    51 |    36 |   122 |    30 |       ||   239
         Invisible         |       |       |       |       |     6 |       |     6 |       |       ||    12
         Petrified         |       |       |       |       |     2 |       |       |       |       ||     2
         Petrifying        |       |       |       |       |     1 |       |       |       |       ||     1
         Paralysed         |       |       |       |       |       |     1 |     3 |       |       ||     4
 Armour: Leather armour    |    56 |    66 |    26 |       |   458 |   357 |   423 |   627 |  1924 ||  3937
         Ring mail         |       |       |   149 |    87 |       |       |       |       |       ||   236
         Acid dragon scale |       |       |       |   103 |       |       |       |       |       ||   103
         Troll leather arm |       |       |       |    97 |   250 |       |       |       |       ||   347
         Skin              |       |       |       |       |     6 |       |     9 |       |   427 ||   442
  Dodge: Dodged            |    72 |    62 |   150 |   229 |   778 |   366 |   467 |   781 |  2856 ||  5761
  Block: Buckler           |       |    14 |    81 |   272 |   675 |       |       |       |       ||  1042
         Reflection        |       |       |       |    10 |    20 |    46 |    44 |    27 |   119 ||   266
         Other             |       |       |       |       |     1 |       |       |       |       ||     1
         Kite shield       |       |       |       |       |   222 |   908 |  1184 |  1831 |  6186 || 10331
   Form: Statue            |       |       |       |       |       |       |     1 |       |     1 ||     2

Table legend: (Time is in decaauts)
 A = Elapsed time spent in this place.
 B = Non-inter-level travel time spent in this place.
 C = Inter-level travel time spent in this place.
 D = Time resting spent in this place.
 E = Time spent auto-exploring this place.
 F = Levels seen in this place.
 G = Mean time per level.
                   A        B        C        D        E       F      G
               +--------+--------+--------+--------+--------+-----+--------+
         Total |  70452 |  62262 |   8190 |   8310 |  26274 | 127 |  554.7 |
       Dungeon |  16657 |  13513 |   3144 |   2324 |   7520 |  15 | 1110.5 |
          Lair |   5477 |   4833 |    644 |    361 |   2612 |   5 | 1095.4 |
         Swamp |   2857 |   2628 |    229 |    145 |   1132 |   4 |  714.2 |
   Spider Nest |   3285 |   2885 |    400 |     17 |   1702 |   4 |  821.2 |
    Slime Pits |   2162 |   1984 |    178 |    696 |    558 |   5 |  432.4 |
  Orcish Mines |   1966 |   1677 |    289 |    342 |    815 |   2 |  983.0 |
   Elven Halls |   3646 |   3211 |    435 |    404 |    958 |   3 | 1215.3 |
        Vaults |   7709 |   6846 |    863 |    377 |   3376 |   5 | 1541.8 |
         Crypt |   3523 |   3184 |    339 |    100 |   1812 |   3 | 1174.3 |
          Tomb |   2038 |   1843 |    195 |    237 |    415 |   3 |  679.3 |
        Depths |   6099 |   4974 |   1125 |    657 |   2631 |   4 | 1524.8 |
          Hell |   1414 |   1376 |     38 |    530 |    364 |   1 | 1414.0 |
           Dis |   1720 |   1676 |     44 |    414 |     57 |   7 |  245.7 |
       Gehenna |   1673 |   1630 |     43 |    279 |    481 |   7 |  239.0 |
       Cocytus |   1076 |   1076 |      0 |    169 |     40 |   7 |  153.7 |
      Tartarus |   1647 |   1484 |    163 |    241 |    310 |   7 |  235.3 |
           Zot |    607 |    553 |     54 |     59 |      0 |   5 |  121.4 |
         Abyss |   1318 |   1318 |      0 |     96 |    242 |   6 |  219.7 |
   Pandemonium |   3218 |   3218 |      0 |    116 |    953 |  15 |  214.5 |
      Ziggurat |   1367 |   1367 |      0 |    638 |      8 |  15 |   91.1 |
        Bazaar |    120 |    120 |      0 |      0 |     85 |   1 |  120.0 |
        Wizlab |    395 |    395 |      0 |      0 |     77 |   1 |  395.0 |
      Gauntlet |    440 |    440 |      0 |    105 |    122 |   1 |  440.0 |
         Arena |     26 |     26 |      0 |      0 |      0 |   1 |   26.0 |
               +--------+--------+--------+--------+--------+-----+--------+

Top non-repeatable levels by time:
   Elf:3: 2123 daAuts
Vaults:1: 1933 daAuts
Vaults:5: 1780 daAuts
Depths:1: 1760 daAuts
    D:13: 1727 daAuts
     D:9: 1719 daAuts
     D:8: 1602 daAuts
 Crypt:3: 1602 daAuts
Depths:2: 1549 daAuts
Depths:4: 1480 daAuts
   Orc:2: 1475 daAuts
  Lair:1: 1416 daAuts
    Hell: 1414 daAuts
Vaults:2: 1414 daAuts
Vaults:4: 1410 daAuts
